 Dungeon Crawl Stone Soup version 0.30-a0-937-ga0a21ad780 (webtiles) character file.

Game seed: 13430256971700424947

13845294 Kebab the Annihilator (level 27, 182/182 HPs)
             Began as a Gargoyle Earth Elementalist on Mar 24, 2023.
             Was an Initiate of Gozag.
             Escaped with the Orb
             ... and 15 runes on Mar 28, 2023!
             The game lasted 10:58:48 (114522 turns).

Kebab the Annihilator (GrEE)                      Turns: 114522, Time: 10:58:48

Health: 182/182    AC: 31    Str: 29    XL:     27
Magic:  46/46      EV: 15    Int: 44    God:    Gozag
Gold:   5963       SH: 17    Dex:  9    Spells: 4/74 levels left

rFire   + + +      SeeInvis +    a - staff of conjuration "Olit" {Will+ Str+6}
rCold   + . .      Faith    .    t - +5 kite shield {reflect}
rNeg    + . .      Spirit   .    R - +2 robe {rC+ rF+}
rPois   ∞          Reflect  +    y - +2 hat {SInv}
rElec   +          Rampage  .    B - scarf {repulsion}
rCorr   +                        e - +0 pair of gloves "Uskauv" {rC+ rCorr}
Will    +++++                    I - +2 pair of boots {Fly}
Stlth   +                        Q - amulet of magic regeneration
HPRegen 0.50/turn                P - ring "Pierhom" {rF+ Str+4 Int+6}
MPRegen 0.70/turn                g - ring of Dyfrug {Fire Drain Str+6 Int+6}

@: flying, studying 3 skills, repel missiles
A: sickness immunity, AC +20, big wings, negative energy resistance 1,
electricity resistance, torment resistance 1, petrification resistance, clever
1, low MP 1, strong-willed 2
0: Orb of Zot
}: 15/15 runes: serpentine, barnacled, slimy, silver, golden, iron, obsidian,
icy, bone, abyssal, demonic, glowing, magical, fiery, dark
a: Renounce Religion, Potion Petition, Call Merchant, Bribe Branch


You escaped.
You worshipped Gozag.
Gozag was greatly pleased with you.
You visited 18 branches of the dungeon, and saw 88 of its levels.
You visited Pandemonium 2 times, and saw 12 of its levels.
You visited the Abyss 2 times.
You also visited: Gauntlet and Wizlab.

You collected 48857 gold pieces.
You spent 11350 gold pieces at shops.
You paid 31544 gold pieces to Gozag.

Inventory:

Hand Weapons
 b - a +9 whip of electrocution
 X - a +4 antimagic demon whip
Armour
 e - the +0 pair of gloves "Uskauv" (worn) {rC+ rCorr}
   (You found it on level 3 of the Depths)

   rC:        It protects you from cold.
   rCorr:     It protects you from acid and corrosion.
 t - a +5 kite shield of reflection (worn)
 y - a +2 hat of see invisible (worn)
 B - a scarf of repulsion (worn)
 I - a +2 pair of boots of flying (worn)
 R - a +2 robe of resistance (worn)
Magical Staves
 a - the staff of conjuration "Olit" (weapon) {Will+ Str+6}
   (You found it on level 5 of the Vaults)

   [staff of conjuration]

   Base accuracy: +5 Base damage: 5 Base attack delay: 1.2 This weapon's minimum
   attack delay (0.6) is reached at skill level 12.
   Str:       It affects your strength (+6).
   Will:      It increases your willpower.
   It falls into the 'Staves' category.
   It is a one-handed weapon.
 c - a staff of earth
Jewellery
 g - the ring of Dyfrug (right hand) {Fire Drain Str+6 Int+6}
   (You found it on level 5 of the Vaults)

   [ring of fire]

   It enhances your fire magic.
   Str:       It affects your strength (+6).
   Int:       It affects your intelligence (+6).
   rF:        It protects you from fire.
   rC:        It makes you vulnerable to cold.
   Drain:     It drains your maximum health when unequipped.
 n - a ring of wizardry
 q - the ring of Niruuwna {rC+ Dex+3 SInv}
   (You found it on level 3 of the Lair of Beasts)

   [ring of see invisible]

   Dex:       It affects your dexterity (+3).
   rC:        It protects you from cold.
   SInv:      It lets you see invisible.
 x - the ring "Unesuj" {rElec rN+ Str-4 Int+6 Slay+2}
   (You found it on level 7 of Tartarus)

   [ring of intelligence]

   Str:       It affects your strength (-4).
   Int:       It affects your intelligence (+6).
   Slay:      It affects your accuracy & damage with ranged weapons and melee
   (+2).
   rElec:     It insulates you from electricity.
   rN:        It protects you from negative energy.
 A - a ring of willpower
 E - an amulet of regeneration
 O - a ring of fire
 P - the ring "Pierhom" (left hand) {rF+ Str+4 Int+6}
   (You found it in a wizard's laboratory)

   [ring of intelligence]

   Str:       It affects your strength (+4).
   Int:       It affects your intelligence (+6).
   rF:        It protects you from fire.
 Q - an amulet of magic regeneration (around neck)
 U - the ring "Valin" {Will+ rCorr MP+9 Slay+3}
   (You acquired it on level 13 of the Dungeon)

   [ring of magical power]

   Slay:      It affects your accuracy & damage with ranged weapons and melee
   (+3).
   MP:        It affects your magic capacity (+9).
   rCorr:     It protects you from acid and corrosion.
   Will:      It increases your willpower.
Wands
 u - a wand of digging (8)
 K - a wand of paralysis (30)
 N - a wand of acid (32)
 S - a wand of flame (28)
Scrolls
 d - 4 scrolls of silence
 f - 16 scrolls of noise
 h - 19 scrolls of teleportation
 j - 11 scrolls of immolation
 k - 18 scrolls of fear
 l - 12 scrolls of fog
 o - a scroll of enchant armour
 p - 4 scrolls of blinking
 s - 12 scrolls of butterflies
 Y - 3 scrolls of amnesia
Potions
 i - 33 potions of curing
 m - a potion of heal wounds
 r - 3 potions of magic
 w - 5 potions of invisibility
 z - 6 potions of ambrosia
 C - 5 potions of cancellation
 D - 13 potions of mutation
 G - 16 potions of attraction
 H - 10 potions of resistance
 J - 3 potions of haste
 L - 8 potions of brilliance
 M - 10 potions of lignification
 V - 9 potions of berserk rage
 Z - 13 potions of might
Miscellaneous
 v - a figurine of a ziggurat
 F - a box of beasts
 T - a condenser vane
 W - a phantom mirror


   Skills:
 + Level 21.2 Fighting
 - Level 10.0(11.8) Maces & Flails
 - Level 10.2(12.0) Staves
 - Level 4.5 Armour
 - Level 13.3 Dodging
 - Level 7.9 Stealth
 - Level 15.0 Shields
 - Level 24.2 Spellcasting
 O Level 27 Conjurations
 - Level 9.0 Summonings
 - Level 22.9 Necromancy
 - Level 8.8 Transmutations
 O Level 27 Fire Magic
 - Level 4.1 Ice Magic
 - Level 3.4 Air Magic
 - Level 26.5 Earth Magic
 - Level 12.8 Evocations


You had 4 spell levels left.
You knew the following spells:

 Your Spells              Type           Power      Damage    Failure   Level
a - Shatter               Erth           68%        3d50*     1%          9
b - Passwall              Tmut/Erth      98%        N/A       0%          2
c - Lee's Rapid Deconstr  Erth           68%        3d31*     0%          5
d - Spellforged Servitor  Conj/Summ      71%        N/A       1%          7
e - Fire Storm            Conj/Fire      95%        8d24      1%          9
f - Iron Shot             Conj/Erth      81%        9d15      0%          6
g - Blink                 Tloc           100%       N/A       1%          2
h - Freezing Cloud        Conj/Ice/Air   62%        6-21      1%          5
i - Ozocubu's Armour      Ice            74%        N/A       1%          3
j - Borgnjor's Vile Clut  Necr/Erth      67%        N/A       0%          5
k - Borgnjor's Revivific  Necr           65%        N/A       1%          8
l - Apportation           Tloc           100%       N/A       1%          1
m - Necromutation         Tmut/Necr      57%        N/A       5%          8

Your spell library contained the following spells:

 Spells                   Type           Power      Damage    Failure   Level
 Foxfire                  Conj/Fire      100%       2x1d9     0%          1
 Kiss of Death            Conj/Necr      100%       2d13      0%          1
 Magic Dart               Conj           100%       1d8       0%          1
 Necrotise                Necr           100%       1d9       0%          1
 Sandblast                Erth           100%       2d20      0%          1
 Shock                    Conj/Air       100%       1d9       0%          1
 Momentum Strike          Conj/Tloc      100%       3d10      0%          2
 Scorch                   Fire           100%       2d10      0%          2
 Searing Ray              Conj           100%       2d8       0%          2
 Static Discharge         Conj/Air       100%       2-7/arc   0%          2
 Dazzling Flash           Conj/Hex       100%       N/A       0%          3
 Hailstorm                Conj/Ice       100%       3d20      0%          3
 Ignite Poison            Fire/Tmut/Pois 100%       N/A       0%          3
 Inner Flame              Hex/Fire       100%       N/A       0%          3
 Stone Arrow              Conj/Erth      100%       3d13      0%          3
 Animate Armour           Summ/Erth      100%       N/A       0%          4
 Dispel Undead            Necr           100%       3d31      0%          4
 Petrify                  Tmut/Erth      100%       N/A       0%          4
 Sticky Flame             Conj/Fire      100%       2d11      0%          4
 Freeze                   Ice            100%       1d10      1%          1
 Sting                    Tmut/Pois      100%       1d8       1%          1
 Call Imp                 Summ           93%        N/A       1%          2
 Ensorcelled Hibernation  Hex/Ice        100%       N/A       1%          2
 Lesser Beckoning         Tloc           100%       N/A       1%          2
 Poisonous Vapours        Pois/Air       100%       N/A       1%          2
 Wereblood                Tmut           92%        N/A       1%          2
 Call Canine Familiar     Summ           93%        N/A       1%          3
 Confusing Touch          Hex            52%        N/A       1%          3
 Frozen Ramparts          Ice            100%       1d16      1%          3
 Gell's Gravitas          Tloc           52%        N/A       1%          3
 Kindle Blastsparks       Fire/Tloc/Air  100%       2d18      1%          3
 Mephitic Cloud           Conj/Pois/Air  100%       N/A       1%          3
 Portal Projectile        Hex/Tloc       100%       N/A       1%          3
 Summon Guardian Golem    Hex/Summ       75%        N/A       1%          3
 Swiftness                Air            71%        N/A       1%          3
 Teleport Other           Tloc           52%        N/A       1%          3
 Tukima's Dance           Hex            52%        N/A       1%          3
 Vhi's Electric Charge    Tloc/Air       100%       N/A       1%          3
 Airstrike                Air            35%        2d(6-22)  1%          4
 Anguish                  Hex/Necr       50%        N/A       1%          4
 Fulminant Prism          Conj/Hex       65%        3d28      1%          4
 Ice Form                 Ice/Tmut       84%        N/A       1%          4
 Iskenderun's Mystic Bla  Conj/Tloc      100%       2d19      1%          4
 Leda's Liquefaction      Hex/Erth       53%        N/A       1%          4
 Summon Ice Beast         Ice/Summ       84%        N/A       1%          4
 Summon Lightning Spire   Summ/Air       83%        N/A       1%          4
 Cause Fear               Hex            26%        N/A       5%          4
 Olgreb's Toxic Radiance  Pois           52%        N/A       5%          4
 Passage of Golubria      Tloc           52%        N/A       5%          4
 Fireball                 Conj/Fire      95%        3d35      0%          5
 Irradiate                Conj/Tmut      71%        3d35      0%          5
 Iskenderun's Battlesphe  Conj           100%       2d15      0%          5
 Death Channel            Necr           65%        N/A       0%          6
 Starburst                Conj/Fire      95%        6d24      0%          6
 Orb of Destruction       Conj           82%        9d18      0%          7
 Arcjolt                  Conj/Air       68%        1d78      1%          5
 Blade Hands              Tmut           46%        N/A       1%          5
 Plasma Beam              Fire/Air       68%        2x1d92    1%          5
 Conjure Ball Lightning   Conj/Air       68%        3x3d25    1%          6
 Summon Cactus Giant      Summ           46%        N/A       1%          6
 Haunt                    Necr/Summ      57%        N/A       1%          7
 Ignition                 Fire           82%        3d21      1%          8
 Infestation              Necr           65%        N/A       1%          8
 Lehudib's Crystal Spear  Conj/Erth      81%        10d18     1%          8
 Alistair's Intoxication  Tmut/Pois      50%        N/A       2%          5
 Summon Forest            Summ/Tloc      37%        N/A       2%          5
 Summon Mana Viper        Hex/Summ       75%        N/A       2%          5
 Yara's Violent Unravell  Hex/Tmut       37%        3d15      2%          5
 Death's Door             Necr           65%        N/A       4%          9
 Metabolic Englaciation   Hex/Ice        32%        N/A       6%          5
 Silence                  Hex/Air        31%        N/A       8%          5
 Dragon Form              Tmut           46%        N/A       12%         7
 Summon Hydra             Summ           46%        N/A       12%         7
 Eringya's Noxious Bog    Tmut/Pois      37%        N/A       14%         6
 Storm Form               Tmut/Air       41%        N/A       36%         7
 Malign Gateway           Summ/Tloc      37%        N/A       58%         7
 Dispersal                Tloc           26%        N/A       63%         6
 Ozocubu's Refrigeration  Ice            37%        4d15      63%         7
 Summon Horrible Things   Summ           46%        N/A       65%         8
 Chain Lightning          Conj/Air       68%        3d90      71%         9
 Enfeeble                 Hex            26%        N/A       99%         7
 Discord                  Hex            26%        N/A       100%        8
 Disjunction              Tloc           26%        N/A       100%        8
 Maxwell's Capacitive Co  Air            35%        ∞         100%        8
 Polar Vortex             Ice            37%        N/A       100%        9
 Sublimation of Blood     Necr           Unusable   N/A       N/A         2
 Animate Dead             Necr           Unusable   N/A       N/A         4
 Cigotuvi's Dreadful Rot  Necr/Pois/Air  Unusable   N/A       N/A         2
 Simulacrum               Ice/Necr       Unusable   N/A       N/A         6
 Statue Form              Tmut/Erth      Unusable   N/A       N/A         6

Dungeon Overview and Level Annotations

Branches:
Dungeon (15/15)            Temple (1/1) D:7            Lair (5/5) D:8
 Shoals (4/4) Lair:3        Snake (4/4) Lair:2        Slime (5/5) Lair:4
    Orc (2/2) D:10            Elf (3/3) Orc:2        Vaults (5/5) D:14
  Crypt (3/3) Vaults:2       Tomb (3/3) Crypt:3      Depths (4/4) D:15
   Hell (visited)             Dis (7/7) Hell            Geh (7/7) Hell
    Coc (7/7) Hell            Tar (7/7) Hell            Zot (5/5) Depths:4
 WizLab (visited)         Gauntlet (visited)

Altars:
Ashenzari
Cheibriados
Dithmenos
Elyvilon
Fedhas
Gozag
Hepliaklqana
Kikubaaqudgha
Makhleb
Nemelex Xobeh
Okawaru
Qazlal
Ru
Sif Muna
Trog
Uskayaw
Vehumet
Wu Jian
Xom
Yredelemnul
Zin
The Shining One
Jiyva

Shops:
D:11 (   D:13 *   D:15 :   Orc:1 [=   Orc:2 :((*   Elf:3 ?((!   Lair:4 !
Shoals:3 *((:[   Snake:3 **(::   Vaults:2 (   Depths:1 *   Depths:3 !

Portals:
Hell: Depths:1 Depths:2 Depths:3 Depths:4
Abyss: Depths:2 Depths:3
Pandemonium: Depths:2 Depths:4
Ziggurat: Depths:3
Trove: Vaults:3 (give 12 potions of heal wounds)

Annotations:
D:2 1 runed translucent door, Crazy Yiuf
Lair:2 3 runed translucent doors, 1 exclusion, PaleRider's ghost, journeyman VSFi
Lair:5 exclusion: 3 doors
Orc:2 3 runed translucent doors, julianmaster's ghost, journeyman MiHu
Elf:2 3 runed translucent doors
Depths:3 Margery


Innate Abilities, Weirdness & Mutations

You are immune to sickness and miasma.
Your stone body is resilient. (AC +20)
You are immune to poison.
Your large and strong wings let you fly.
You resist negative energy. (rN+)
You are resistant to electric shocks. (rElec)
You are resistant to unholy torment.
You are immune to petrification.
Your mind is acute. (Int +4, Str/Dex -1)
Your magical capacity is low. (-10% MP)
You are highly strong-willed. (Will++)


Message History

(V) Vaults (C) Crypt (W) Tomb (U) Depths (H) Hell (I) Dis (G) Gehenna (X) Cocytus (Y) Tartarus (Z) Zot
Where to? (Enter - D:1, ? - help)
There is a stone staircase leading up here.
You fly upwards.
There is a stone staircase leading down here.
There is a stone staircase leading up here.
You fly upwards.
Level annotation: 1 runed translucent door, Crazy Yiuf
There is a stone staircase leading down here.
The eye of devastation turns its gaze towards you.
A blizzard demon comes into view.
Casting: Iron Shot (safe; 0% risk of failure)
Confirm with . or Enter, or press ? or * to list all spells.
Aiming: Fire Storm (dangerous; 1% risk of failure)
Press: ? - help, Dir - move target, f - blizzard demon
Aim: a blizzard demon You feel a strong surge of power!
A raging storm of fire appears!
The great blast of fire engulfs the blizzard demon!!!!
The blizzard demon is burned terribly!
You kill the blizzard demon!
Unknown command.
(D) Dungeon (T) Temple (L) Lair (A) Shoals (P) Snake Pit (M) Slime Pits (O) Orcish Mines (E) Elven Halls (V) Vaults (C) Crypt (W) Tomb (U) Depths (H) Hell (I) Dis (G) Gehenna (X) Cocytus (Y) Tartarus (Z) Zot
Where to? (Enter - D:1, ? - help)
The eye of devastation turns its gaze towards you.
Magic restored.
There is a stone staircase leading up here.
You fly upwards.
There is a stone staircase leading down here.
Things that are here:
a +0 dagger; a potion of degeneration Unknown command.
There is a stone staircase leading down here.
There is a staircase leading out of the dungeon here.
You have escaped!

.### ##........# #. ...##
###..####...## #. ##..#
#...## #....# #. ########
#.### #..#.# #.
####..)###### #....# ##.
.##.###.##..#######.#..#
#.. #####
##.#.#.##..##.#..# #.#
..#### #).###....##.#..##
#.#
##...###..#.###.@##.##..#
#.#
#.##.##.##.##....##.#####
#.# .####...##...##..#..#
#.# ## ##############.##
##.# .####.# #.# #.# #..#
...##.# #.## #.# #.##
##.##.# #..## #.# #.#
#.##.# ##..# #.# ####.##
#.##.######.# #.# #......


There were no monsters in sight!

Vanquished Creatures
  Antaeus (Coc:7)
  Asmodeus (Geh:7)
  the Royal Jelly (Slime:5)
  Gloorx Vloq (Pan)
  Ereshkigal (Tar:7)
  Mnoleg (Pan)
  the Serpent of Hell (Geh:7)
  3 pandemonium lords (Pan)
  Dispater (Dis:7)
  5 dread liches
  2 ancient liches
  Lom Lobon (Pan)
  Mennas (Depths:3)
  An orb of fire (Zot:5)
  A juggernaut (Dis:7)
  14 royal mummies
  Boris (4 times) (Depths:3 Vaults:4 Vaults:5 Tomb:2)
  11 shard shrikes
  Vv (Crypt:2)
  3 Killer Klowns (Zot:4)
  Frederick (Vaults:5)
  Xtahua (Vaults:5)
  Saint Roka (Crypt:2)
  A curse toe (Zot:4)
  Geryon (Hell)
  The ghost of Qode the Earth Mage, a veteran GnHW of Vehumet (Crypt:1)
  8 caustic shrikes
  Jory (Vaults:4)
  4 golden dragons
  A profane servitor (Tar:7)
  22 bone dragons
  4 electric golems
  10 iron giants
  Cloud Mage (WizLab)
  13 Tzitzimimeh
  7 Brimstone Fiends
  14 doom hounds
  12 tentacled monstrosities
  5 hellephants
  A spectral shard shrike (Tar:4)
  19 Hell Sentinels
  12 tainted leviathans
  Mlioglotl (Snake:1)
  28 Ice Fiends
  8 titans
  15 Orb Guardians
  Asterion (Snake:3)
  7 liches
  A deep elf blademaster (Elf:3)
  Grunn (Zot:2)
  3 deep elf master archers
  15 searing wretches
  6 quicksilver dragons
  Frances (Shoals:1)
  23 ancient champions
  A kraken (Shoals:1)
  12 acid blobs
  9 death cobs
  12 sphinxes
  11 tentacled starspawn
  Gastronok (Lair:1)
  11 shadow dragons
  20 Executioners (Pan)
  Agnes (Snake:4)
  8 draconian monks
  8 demonspawn warmongers (Pan)
  7 azure jellies
  3 tengu reavers
  3 revenants
  14 storm dragons
  Donald (Shoals:3)
  Roxanne (Elf:1)
  3 draconian knights
  2 narguns
  5 nagarajas (Snake:4)
  16 rockslimes
  A daeva (Pan)
  11 fire giants
  5 deep elf sorcerers
  4 iron dragons
  43 balrugs
  4 quicksilver elementals
  A spectral juggernaut (Tar:3)
  4 shard shrike simulacra
  6 frost giants
  Aizul (Snake:1)
  12 vault wardens
  A juggernaut zombie (Tar:7)
  8 draconian scorchers
  7 draconian shifters
  16 ironbound preservers
  A caustic shrike zombie (Tar:7)
  2 draconian stormcallers
  3 angels (Zot:4)
  4 ghost moths
  8 ghouls
  3 demonspawn blood saints (Pan)
  3 curse skulls
  9 quicksilver oozes
  8 stone giants
  12 cacodemons (Pan)
  6 demonspawn corrupters (Pan)
  32 very ugly things
  21 war gargoyles
  8 draconian annihilators
  A spectral caustic shrike (Tar:4)
  2 deep elf elementalists
  A caustic shrike skeleton (Pan)
  16 reapers
  4 ironbound thunderhulks
  6 deep elf demonologists
  2 starflowers (Abyss:6)
  5 deep elf annihilators
  8 putrid mouths
  8 vampire knights
  7 demonspawn black suns (Pan)
  Nessos (D:14)
  7 black draconians
  4 green draconians
  12 yellow draconians
  14 white draconians
  17 elemental wellsprings
  3 spark wasps
  3 dire elephants (Vaults:1)
  A minotaur (Gauntlet)
  5 lorocyprocas (Pan)
  10 red draconians
  12 wendigos
  10 purple draconians
  11 blizzard demons
  12 iron golems
  6 ettins
  3 green deaths (Pan)
  A spectral quicksilver dragon (Tar:2)
  6 deep elf death magi
  10 jiangshi
  15 mummy priests
  5 crystal guardians
  5 eidola
  3 merfolk javelineers
  2 fire dragons
  Snorg (Orc:2)
  A merfolk impaler (Shoals:1)
  Josephine (Shoals:1)
  5 deep elf high priests
  An entropy weaver (Vaults:4)
  27 vault guards
  14 yaktaur captains
  10 salamander tyrants
  6 great orbs of eyes
  3 spectral spriggans
  Fannar (D:10)
  7 caustic shrike simulacra
  A spectral shadow dragon (Tar:1)
  Erolcha (D:12)
  5 rakshasas
  3 ice dragons
  3 spriggan air magi
  A hydra (Lair:2)
  3 catoblepae
  6 ogre magi
  4 anacondas
  2 spriggan skeletons (Tar:7)
  5 peacekeepers
  4 juggernaut simulacra
  3 ghost crabs (WizLab)
  2 merfolk aquamancers
  3 death knights
  8 death yaks
  3 ironbound frosthearts
  12 naga warriors
  11 two-headed ogres
  71 death scarabs
  A satyr (Shoals:4)
  3 stokers
  5 boulder beetles
  9 dancing weapons
  3 deep troll shamans
  11 vampire magi
  5 deep troll earth magi
  5 centaur warriors
  13 naga sharpshooters
  10 shock serpents
  24 hell hogs
  A tengu warrior (D:13)
  Urug (D:12)
  2 titan zombies
  3 deep elf knights
  A spriggan berserker (Depths:1)
  2 orc high priests
  7 thrashing horrors
  10 wretched stars
  Sonja (Lair:1)
  114 sun demons
  4 hell knights
  A titan skeleton (Crypt:1)
  11 soul eaters
  2 spectral bunyips
  3 iron trolls
  5 crystal echidnas
  4 skysharks
  7 sixfirhies (Pan)
  2 spatial maelstroms
  3 death drakes (WizLab)
  4 spectral anacondas
  13 sea snakes
  36 shadow wraiths
  19 skeletal warriors
  3 naga ritualists
  A spark wasp zombie (Crypt:1)
  6 flayed ghosts
  A salamander mystic (Snake:3)
  7 quicksilver dragon simulacra
  11 deep elf archers
  5 shadow demons
  42 deep trolls
  5 glowing orange brains
  2 spriggan simulacra (Coc:7)
  8 phantasmal warriors
  2 orange crystal statues
  A bog body (Crypt:2)
  A shadow dragon zombie (Hell)
  6 lindwurms
  11 ironbound convokers
  11 wizards
  4 orc knights
  A tengu zombie (Crypt:3)
  14 harpies
  11 necromancers
  19 starcursed masses
  12 deep elf zephyrmancers
  A wolf spider (Vaults:2)
  3 anaconda skeletons
  A faun (Shoals:1)
  9 mana vipers
  21 deep elf pyromancers
  A tengu skeleton (D:15)
  A fire giant zombie (D:15)
  4 shining eyes
  A worldbinder (Abyss:5)
  A spectral ice dragon (Tar:1)
  A stone giant zombie (Hell)
  A cyclops (shapeshifter) (Vaults:5)
  57 ugly things
  A spectral ettin (Tar:2)
  An iron dragon skeleton (Tar:7)
  2 manticores (shapeshifter)
  17 moths of wrath
  8 salamanders
  5 manticores
  16 vault sentinels
  A titan simulacrum (Coc:7)
  6 cyclopes
  4 eyes of devastation
  30 black mambas
  5 merfolk sirens
  An eye of devastation (shapeshifter) (Vaults:2)
  3 rust devils
  A spectral alligator snapping turtle (Tar:3)
  2 apocalypse crabs (WizLab)
  A fire giant skeleton (Vaults:2)
  18 naga magi
  A dire elephant zombie (Tomb:3)
  A water nymph (shapeshifter) (Gauntlet)
  A torpor snail (shapeshifter) (Depths:2)
  4 ice statues
  7 cane toads
  A gargoyle (D:12)
  16 elephants
  6 demonic crawlers (Pan)
  2 water nymphs
  2 elf skeletons
  29 orange demons (Pan)
  8 guardian serpents
  3 spriggan zombies
  28 smoke demons
  A kobold demonologist (D:11)
  13 hellions
  25 efreet
  12 freezing wraiths
  3 rime drakes
  6 anaconda simulacra
  A centaur skeleton (Hell)
  23 yaktaurs
  17 tormentors
  9 komodo dragons
  2 alligator snapping turtle skeletons
  3 spectral nagas
  A sea snake zombie (Crypt:2)
  A yellow draconian skeleton (Crypt:1)
  4 iron giant simulacra
  A golden dragon simulacrum (Coc:2)
  2 red devils (Pan)
  13 trolls
  A yaktaur skeleton (Vaults:1)
  6 ancient zymes
  A red draconian skeleton (Crypt:2)
  7 tengu conjurers
  27 guardian mummies
  2 sea snake skeletons (Hell)
  3 hornets
  A tyrant leech (Gauntlet)
  14 hellwings
  7 merfolk
  A harpy zombie (Tar:7)
  2 spectral harpies (Tar:2)
  2 tengu simulacra (Vaults:2)
  2 nameless horrors
  3 polar bears (Lair:3)
  5 wind drakes
  Prince Ribbit (D:9)
  3 harpy skeletons
  21 large abominations
  A tarantella (Vaults:3)
  16 dream sheep
  An alligator zombie (Hell)
  11 raiju
  An iron dragon simulacrum (Coc:7)
  An ettin zombie (Crypt:3)
  3 snapping turtles
  29 blink frogs
  2 elf zombies
  A spriggan (Depths:1)
  69 slime creatures
  A snapping turtle (shapeshifter) (D:15)
  2 shadows
  A jumping spider (Vaults:3)
  2 jumping spiders (shapeshifter)
  A centaur simulacrum (Crypt:1)
  2 ettin skeletons
  12 flying skulls
  8 water elementals
  9 air elementals
  2 wyverns
  5 dire elephant simulacra
  3 vampires
  12 wraiths
  33 ynoxinuls
  3 fire elementals
  A fire bat (Abyss:5)
  2 basilisks
  A hog (Vaults:2)
  3 redbacks (Vaults:4)
  23 yaks
  4 ushabtiu
  3 golden eyes (Slime:4)
  A golden eye (shapeshifter) (D:14)
  2 steam dragons
  13 chaos spawn
  13 neqoxecs
  A basilisk (shapeshifter) (D:14)
  14 vampire mosquitoes
  Menkaure (D:5)
  14 harpy simulacra
  44 nagas
  6 wargs
  A swamp worm (shapeshifter) (Vaults:5)
  4 spatial vortices
  2 hydra simulacra
  3 hell hounds (Pan)
  A small abomination (Abyss:5)
  3 swamp worms (Gauntlet)
  A two-headed ogre skeleton (Crypt:1)
  2 acid dragons
  15 water moccasins
  5 floating eyes
  3 black bears
  A water nymph skeleton (Crypt:1)
  An ice dragon simulacrum (Hell)
  A naga skeleton (Pan)
  25 orc warriors
  2 ice beasts
  21 ogres
  A fire dragon simulacrum (Vaults:2)
  3 boggarts (Vaults:1)
  A black mamba simulacrum (Vaults:2)
  A swamp dragon skeleton (Crypt:3)
  8 centaurs
  4 wolves (Lair:5)
  2 phantoms
  2 kobold brigands
  A bullfrog (shapeshifter) (Vaults:5)
  3 gnoll sergeants
  3 necrophages (Crypt:2)
  17 bullfrogs
  A human skeleton (Vaults:2)
  4 scorpions
  A cyclops skeleton (Crypt:2)
  12 wights
  15 killer bees
  A killer bee (shapeshifter) (Vaults:2)
  A vampire bat (Vaults:2)
  2 elephant simulacra (Vaults:2)
  10 electric eels
  4 howler monkeys
  2 hounds
  A jelly (D:5)
  15 orc priests
  2 sleepcaps
  3 iguanas
  23 orc wizards
  A basilisk skeleton (Crypt:3)
  8 hell rats
  A troll simulacrum (Vaults:2)
  5 lightning spires
  14 mummies
  10 gnolls
  11 adders
  2 naga simulacra
  A white imp (D:6)
  2 ufetubi
  An adder zombie (Crypt:2)
  2 worms
  2 dart slugs
  68 orcs
  7 bats
  6 endoplasms
  4 giant cockroaches
  5 goblins
  8 hobgoblins
  7 jackals
  4 quokkas
  10 ball pythons
  A frilled lizard (D:1)
  11 kobolds
  A kobold skeleton (Crypt:3)
  A quokka zombie (Crypt:3)
  5 rats
  A rat skeleton (Crypt:1)
  2 ball lightnings
  4 butterflies
  2 creeping infernos
  17 fire vortices
  2 starspawn tentacles
  2 tentacles (Shoals:1)
3111 creatures vanquished.

Vanquished Creatures (collateral kills)
  A dread lich (Zot:5)
  2 ancient liches
  A shard shrike (Coc:5)
  A Killer Klown (Zot:5)
  6 golden dragons
  2 caustic shrikes
  4 bone dragons
  2 profane servitors
  An iron giant (Dis:7)
  A shard shrike zombie (Tar:7)
  A Brimstone Fiend (Pan)
  A Tzitzimitl (Tar:7)
  11 tentacled monstrosities
  2 doom hounds
  3 electric golems (Zot:3)
  2 hellephants
  A spectral shard shrike (Tar:3)
  7 Orb Guardians (Zot:5)
  A tainted leviathan (Tar:7)
  A lich (Crypt:3)
  A Hell Sentinel (Dis:3)
  2 titans
  2 searing wretches (Geh:7)
  A quicksilver dragon (Zot:1)
  An Executioner (Pan)
  2 deep elf blademasters
  3 death cobs
  9 ancient champions
  5 acid blobs (Slime:5)
  A sphinx (Depths:1)
  Polyphemus (Shoals:2)
  A demonspawn warmonger (Pan)
  A tengu reaver (Depths:4)
  7 shadow dragons
  10 fire giants
  A frost giant (Depths:1)
  A rockslime (Slime:3)
  4 azure jellies
  6 draconian knights
  8 storm dragons
  4 draconian monks
  4 deep elf sorcerers
  5 narguns
  2 vault wardens (Vaults:2)
  2 draconian scorchers (Zot:5)
  An iron dragon (Dis:2)
  6 balrugs
  2 quicksilver elementals
  3 shard shrike simulacra (Coc:7)
  5 deep elf elementalists
  An angel (Zot:4)
  2 draconian stormcallers (Zot:4)
  2 reapers (Pan)
  A demonspawn corrupter (Pan)
  5 draconian shifters
  2 draconian annihilators
  3 ghouls (Crypt:3)
  8 war gargoyles
  3 ironbound preservers
  27 very ugly things
  5 stone giants
  A demonspawn blood saint (Pan)
  The ghost of Ciotsan the Gelid, an adept FeIE of Vehumet (Vaults:2)
  4 vampire knights
  7 green draconians
  3 spriggan defenders
  A deep elf demonologist (Elf:3)
  2 elemental wellsprings
  A red draconian (Zot:3)
  8 putrid mouths
  8 black draconians
  3 wendigos
  3 purple draconians
  4 deep elf annihilators
  4 spark wasps
  A dire elephant (Vaults:1)
  3 yellow draconians
  5 iron golems
  2 green deaths (Pan)
  6 white draconians
  2 merfolk javelineers
  A crystal guardian (Vaults:2)
  4 blizzard demons
  4 jiangshi
  7 merfolk impalers
  7 deep elf death magi
  A yaktaur captain (Depths:4)
  6 ettins
  6 eidola
  An entropy weaver (Vaults:3)
  A mummy priest (Tomb:1)
  4 fire dragons
  A spectral spriggan (Tar:3)
  3 ice dragons
  A rakshasa (Depths:3)
  2 hydras (Lair:5)
  2 vault guards (Vaults:2)
  A spectral tengu (Tar:1)
  A ghost crab (WizLab)
  5 caustic shrike simulacra
  5 juggernaut simulacra
  3 peacekeepers
  An alligator snapping turtle (Shoals:4)
  A merfolk avatar (Shoals:4)
  5 centaur warriors
  3 merfolk aquamancers
  2 satyrs (Shoals:4)
  A boulder beetle (Lair:5)
  8 dancing weapons
  An ironbound frostheart (Vaults:1)
  2 vampire magi
  2 deep troll shamans
  A death yak (Shoals:2)
  14 death scarabs
  A shock serpent (WizLab)
  11 hell hogs
  2 tengu warriors
  3 deep troll earth magi
  A thrashing horror (Abyss:5)
  A deep elf knight (Elf:2)
  8 sun demons
  4 spriggan berserkers
  4 crystal echidnas
  A spectral dire elephant (Tar:1)
  7 hell knights
  A shadow wraith (Tar:7)
  5 soul eaters
  3 iron trolls
  4 sixfirhies
  11 skeletal warriors
  A golden dragon zombie (Tomb:3)
  A spectral anaconda (Tar:2)
  A skyshark (Shoals:2)
  6 sea snakes
  5 shadow demons
  2 anaconda zombies
  2 glowing orange brains (Pan)
  2 quicksilver dragon simulacra
  2 flayed ghosts
  An orb spider (Abyss:5)
  3 deep elf archers
  15 deep trolls
  3 spriggan simulacra
  A kraken simulacrum (Shoals:4)
  3 ironbound convokers (Vaults:2)
  3 wizards
  7 phantasmal warriors
  3 lindwurms (Vaults:1)
  6 ugly things
  A golden dragon skeleton (Depths:2)
  2 anaconda skeletons (Crypt:1)
  9 deep elf pyromancers
  9 deep elf zephyrmancers
  12 harpies
  4 necromancers
  A stone giant zombie (Crypt:3)
  3 shining eyes
  A spectral ettin (Tar:2)
  9 moths of wrath
  A cyclops (Shoals:3)
  2 iron dragon zombies
  7 manticores
  A spectral centaur (Tar:1)
  3 black mambas (Lair:5)
  A frost giant skeleton (Depths:2)
  A demonic crawler (Pan)
  3 elephants (Lair:5)
  2 apocalypse crabs
  A titan simulacrum (Coc:7)
  2 water nymphs (Shoals:4)
  4 molten gargoyles (Geh:7)
  3 smoke demons (Pan)
  3 vault sentinels
  3 merfolk sirens (Shoals:4)
  3 orange demons (Pan)
  6 yaktaurs
  3 cane toads (Lair:5)
  A dire elephant skeleton (Tar:7)
  2 efreet (Pan)
  2 komodo dragons (Lair:5)
  8 hellions
  2 tormentors
  6 freezing wraiths
  3 spectral harpies
  6 anaconda simulacra
  14 guardian mummies
  2 ancient zymes
  An iron giant simulacrum (Coc:7)
  A red devil (Hell)
  2 hydra zombies (Hell)
  A harpy skeleton (Crypt:3)
  A queen bee (shapeshifter) (Vaults:5)
  9 merfolk
  A hornet (Depths:1)
  2 harpy zombies
  5 hellwings (Pan)
  A hydra skeleton (Tomb:3)
  6 wind drakes
  An iron dragon simulacrum (Coc:7)
  2 stone giant simulacra
  10 snapping turtles
  3 raiju (Abyss:5)
  2 blink frogs
  5 dream sheep
  A satyr zombie (Crypt:3)
  25 slime creatures
  A wraith (Crypt:2)
  2 spriggans
  5 flying skulls
  A vampire (Crypt:3)
  8 ynoxinuls
  11 water elementals
  A naga simulacrum (Coc:5)
  2 yaks (Lair:5)
  13 large abominations
  5 air elementals
  A fire elemental (Elf:2)
  An ushabti (Tomb:3)
  4 starcursed masses
  2 dire elephant simulacra (Coc:7)
  4 chaos spawn (Pan)
  2 alligator snapping turtle simulacra (Coc:3)
  A neqoxec (Pan)
  5 golden eyes
  A basilisk (Lair:5)
  2 spatial vortices
  7 harpy simulacra
  2 water moccasins (Lair:5)
  A hydra simulacrum (Coc:4)
  A floating eye (shapeshifter) (Depths:1)
  4 hell hounds (Pan)
  3 nameless horrors
  2 ettin simulacra
  An ice dragon simulacrum (Coc:1)
  A black mamba simulacrum (Coc:1)
  5 wolves (Lair:5)
  A blink frog skeleton (Crypt:2)
  2 necrophages
  3 earth elementals
  A vampire bat (Abyss:5)
  2 small abominations
  2 hell rats (Hell)
  A naga zombie (Crypt:3)
  11 mummies
  A steam dragon zombie (Crypt:3)
  A lava snake zombie (Crypt:2)
  An adder zombie (Crypt:1)
  A giant cockroach (shapeshifter) (Zot:4)
  4 fire vortices (Hell)
  A tentacle (Shoals:4)
877 creatures vanquished.

Vanquished Creatures (others)
  A dread lich (Zot:5)
  An ancient lich (Zot:5)
  5 royal mummies (Tomb:1)
  2 Killer Klowns (Zot:5)
  3 hellephants (Geh:7)
  2 Brimstone Fiends
  An Ice Fiend (Pan)
  2 tentacled monstrosities (Pan)
  5 Orb Guardians (Zot:5)
  2 searing wretches
  An ancient champion (Tomb:1)
  An eldritch tentacle (Pan)
  2 sphinxes (Tomb:1)
  A storm dragon (Zot:5)
  A shadow dragon (Zot:5)
  3 fire giants
  A ghost moth (Zot:5)
  3 balrugs
  A shard shrike simulacrum (Coc:3)
  A cacodemon (Pan)
  A demonspawn blood saint (Pan)
  A demonspawn black sun (Pan)
  A white draconian (Zot:5)
  A green death (Pan)
  3 mummy priests (Tomb:1)
  A salamander tyrant (Geh:7)
  A juggernaut simulacrum (Coc:4)
  A hell beast (Zot:5)
  A stoker (Geh:7)
  3 hell hogs
  A soul eater (Hell)
  A sun demon (Pan)
  A sixfirhy (Pan)
  A glowing orange brain (Pan)
  A harpy (Shoals:3)
  A spriggan simulacrum (Coc:7)
  A shining eye (Pan)
  A moth of wrath (Zot:2)
  4 molten gargoyles (Geh:7)
  A titan simulacrum (Coc:7)
  An orange demon (Pan)
  A guardian mummy (Tomb:1)
  A tormentor (Geh:5)
  A red devil (Pan)
  A hellwing (Pan)
  2 large abominations (Pan)
  A blink frog (Abyss:5)
  A ynoxinul (Pan)
  3 flying skulls (Tomb:1)
  An air elemental (WizLab)
  An ushabti (Tomb:1)
  2 chaos spawn (Pan)
  A golden eye (Pan)
  3 neqoxecs (Pan)
  A small abomination (Abyss:5)
  4 mummies (Tomb:1)
  An orc (Vaults:5)
  3 ball lightnings
  3 bushes
  2 creeping infernos
  4 demonic plants (Abyss:6)
  636 fire vortices
  6 fulminant prisms
  60 fungi
  7 pillars of salt (Zot:4)
  164 plants
  11 starspawn tentacles
  7 tentacles
  7 withered plants
1002 creatures vanquished.

Grand Total: 4990 creatures vanquished

Notes
Turn   | Place    | Note
-------+----------+-------------------------------------------
     0 | D:1      | Kebab the Gargoyle Earth Elementalist began the quest for
                  | the Orb.
     0 | D:1      | Reached XP level 1. HP: 10/10 MP: 3/3
   284 | D:1      | Reached XP level 2. HP: 8/15 MP: 0/5
   419 | D:1      | Learned a level 2 spell: Passwall
   933 | D:2      | Reached XP level 3. HP: 19/19 MP: 4/7
  1008 | D:2      | Learned a level 3 spell: Stone Arrow
  1015 | D:2      | Found a sparkling altar of Nemelex Xobeh.
  1186 | D:2      | Noticed an eye of devastation
  1194 | D:2      | Reached XP level 4. HP: 24/24 MP: 6/9
  1222 | D:2      | Noticed an eye of devastation
  1224 | D:2      | Found a faded altar of an unknown god.
  1226 | D:2      | Noticed an eye of devastation
  1226 | D:2      | Noticed a shining eye
  1421 | D:2      | Found the +1 Delatra's gloves {ID++}
  1517 | D:2      | You fall into a shaft and drop 1 floor!
  1535 | D:3      | Reached skill level 1 in Conjurations
  1535 | D:3      | Reached XP level 5. HP: 27/28 MP: 2/11
  1610 | D:3      | Learned a level 4 spell: Petrify
  1812 | D:2      | Found a runed translucent door.
  1813 | D:2      | Noticed Crazy Yiuf
  2584 | D:4      | Noticed a black bear
  2712 | D:4      | Killed a black bear
  2713 | D:4      | Reached XP level 6. HP: 20/32 MP: 3/12
  3010 | D:4      | Reached skill level 5 in Conjurations
  3663 | D:5      | Entered Level 5 of the Dungeon
  3727 | D:5      | Noticed a black bear
  3742 | D:5      | Killed a black bear
  3743 | D:5      | Reached skill level 5 in Earth Magic
  3743 | D:5      | Reached XP level 7. HP: 36/36 MP: 6/13
  4178 | D:5      | Noticed Menkaure
  4190 | D:5      | Killed Menkaure
  4191 | D:5      | Reached XP level 8. HP: 41/41 MP: 7/14
  4674 | D:5      | Found a shimmering blue altar of Sif Muna.
  5205 | D:6      | Reached skill level 1 in Transmutations
  5368 | D:6      | Noticed a manticore
  5372 | D:6      | Killed a manticore
  5373 | D:6      | Reached XP level 9. HP: 35/45 MP: 5/15
  5934 | D:7      | Reached skill level 5 in Transmutations
  6077 | D:7      | Reached skill level 10 in Earth Magic
  6649 | D:7      | Found a staircase to the Ecumenical Temple.
  6658 | Temple   | Entered the Ecumenical Temple
  6860 | Temple   | Became a worshipper of Gozag Ym Sagoz the Greedy
  7624 | D:8      | Reached XP level 10. HP: 50/50 MP: 12/16
  7657 | D:8      | Found a staircase to the Lair.
  8036 | D:8      | Reached skill level 1 in Fighting
  8421 | D:8      | Reached skill level 5 in Stealth
  8694 | D:9      | Noticed Prince Ribbit
  8731 | D:9      | Killed Prince Ribbit
  8740 | D:9      | Noticed a two-headed ogre
  8980 | D:9      | Learned a level 5 spell: Irradiate
  9039 | D:9      | Killed a two-headed ogre
  9282 | D:9      | Reached skill level 5 in Fighting
  9426 | D:9      | Noticed a cyclops
  9464 | D:10     | Entered Level 10 of the Dungeon
  9525 | D:10     | Found a staircase to the Orcish Mines.
  9737 | D:10     | Noticed a two-headed ogre
  9741 | D:10     | Killed a two-headed ogre
  9742 | D:10     | Reached XP level 11. HP: 52/67 MP: 4/17
 10617 | D:10     | Found a sacrificial altar of Ru.
 10837 | Lair:1   | Entered Level 1 of the Lair of Beasts
 10838 | Lair:1   | EV12
 11137 | Lair:1   | EV12
 11249 | Lair:1   | Noticed Sonja
 11265 | Lair:1   | Killed Sonja
 11266 | Lair:1   | Reached skill level 5 in Spellcasting
 11656 | Lair:1   | Noticed Gastronok
 11666 | Lair:1   | Killed Gastronok
 11667 | Lair:1   | Reached skill level 1 in Evocations
 12305 | Lair:2   | Noticed PaleRider's ghost (journeyman VSFi)
 12362 | Lair:2   | Identified the +2 longbow "Oreravvu" {speed, Str+3}
 12420 | Lair:2   | Reached XP level 12. HP: 72/72 MP: 1/20
 12659 | Lair:2   | Found a staircase to the Snake Pit.
 12687 | Lair:2   | Noticed an eight-headed hydra
 12703 | Lair:2   | Learned a level 6 spell: Iron Shot
 12755 | Lair:2   | Found a runed translucent gate.
 12755 | Lair:2   | Found a runed translucent gate.
 12755 | Lair:2   | Found a runed translucent gate.
 13013 | Lair:2   | Learned a level 2 spell: Blink
 13428 | Lair:2   | Found a radiant altar of Vehumet.
 13454 | Lair:2   | Killed an eight-headed hydra
 13589 | Lair:2   | Noticed a skyshark
 13595 | Lair:2   | Killed a skyshark
 13844 | Lair:3   | Identified the ring of Niruuwna {rC+ Dex+3 SInv}
 14691 | Lair:3   | Noticed a death yak
 14693 | Lair:3   | Noticed a death yak
 15129 | Lair:3   | Noticed a death yak
 15131 | Lair:3   | Noticed a death yak
 15132 | Lair:3   | Noticed a death yak
 15132 | Lair:3   | Noticed a death yak
 15163 | Lair:2   | Killed a death yak
 15265 | Lair:2   | Killed a death yak
 15463 | Lair:2   | Killed a death yak
 15670 | Lair:3   | Reached skill level 10 in Conjurations
 15713 | Lair:3   | Reached XP level 13. HP: 67/76 MP: 14/24
 15803 | Lair:3   | Found a staircase to the Shoals.
 16066 | Lair:3   | Gained mutation: Armour fits poorly on your strangely
                  | shaped body. [mutagenic glow]
 16342 | Lair:4   | Found a gate leading to a gauntlet.
 16377 | Gauntlet | Entered a Gauntlet
 16377 | Gauntlet | Found a transporter.
 16377 | Gauntlet | Found a runed translucent gate.
 16377 | Gauntlet | Found a transporter.
 16379 | Gauntlet | Found a runed translucent gate.
 16389 | Gauntlet | Found a transporter.
 16407 | Gauntlet | Found a transporter.
 16407 | Gauntlet | Found a transporter.
 16409 | Gauntlet | Found a transporter.
 16409 | Gauntlet | Found a transporter.
 16410 | Gauntlet | Found a transporter.
 16425 | Gauntlet | Found a transporter.
 16430 | Gauntlet | Found a runed translucent door.
 16437 | Gauntlet | Found a transporter.
 16447 | Gauntlet | Found a transporter.
 16464 | Gauntlet | Found a transporter.
 16481 | Gauntlet | Found a transporter.
 16493 | Gauntlet | Found a transporter.
 16507 | Gauntlet | Found a runed translucent gate.
 16960 | Gauntlet | Noticed a minotaur
 16965 | Gauntlet | Killed a minotaur
 17534 | Lair:4   | Found a hazy altar of Hepliaklqana.
 17734 | Lair:4   | Reached skill level 1 in Maces & Flails
 18444 | Lair:4   | Learned a level 5 spell: Freezing Cloud
 18637 | Lair:4   | Found a viscous altar of Jiyva.
 18638 | Lair:4   | Found a staircase to the Slime Pits.
 18827 | Orc:1    | Entered Level 1 of the Orcish Mines
 18916 | Orc:1    | Noticed Fannar
 19073 | D:10     | Killed Fannar
 19074 | D:10     | Reached skill level 1 in Ice Magic
 19085 | Orc:1    | Reached skill level 1 in Air Magic
 19334 | Orc:2    | Entered Level 2 of the Orcish Mines
 19334 | Orc:2    | Found Fuidyuh's Antique Weapon Shoppe.
 19334 | Orc:2    | Found Ylueptod's Book Emporium.
 19354 | Orc:1    | Gained mutation: Your large and strong wings let you fly.
                  | [Gargoyle growth]
 19354 | Orc:1    | Reached XP level 14. HP: 35/82 MP: 16/26
 19497 | Orc:1    | Bought an embroidered robe for 111 gold pieces
 19628 | Orc:1    | Lost mutation: Armour fits poorly on your strangely shaped
                  | body. [potion of mutation]
 19628 | Orc:1    | Gained mutation: Armour fits poorly on your strangely
                  | shaped body. [potion of mutation]
 19629 | Orc:1    | Lost mutation: Armour fits poorly on your strangely shaped
                  | body. [potion of mutation]
 19629 | Orc:1    | Gained mutation: You are strong-willed. (Will+) [potion of
                  | mutation]
 19629 | Orc:1    | Gained mutation: You do not regenerate when monsters are
                  | visible. [potion of mutation]
 19629 | Orc:1    | Gained mutation: You occasionally lose the ability to read
                  | scrolls when taking damage. [potion of mutation]
 19629 | Orc:1    | Gained mutation: You are highly strong-willed. (Will++)
                  | [potion of mutation]
 19630 | Orc:1    | Lost mutation: You do not regenerate when monsters are
                  | visible. [potion of mutation]
 19630 | Orc:1    | Lost mutation: You occasionally lose the ability to read
                  | scrolls when taking damage. [potion of mutation]
 19630 | Orc:1    | Gained mutation: Your mind is acute. (Int +4, Str/Dex -1)
                  | [potion of mutation]
 19635 | Orc:2    | Reached skill level 5 in Maces & Flails
 20320 | Orc:1    | Bought a +6 ring of intelligence for 612 gold pieces
 20360 | Orc:2    | Found Tit Nur's Antique Weapon Shop.
 20362 | Orc:2    | Bought a manual of Maces & Flails for 1360 gold pieces
 20518 | Orc:2    | Found Icut's General Store.
 20535 | Orc:2    | Found a runed translucent gate.
 20537 | Orc:2    | Found a runed translucent gate.
 20548 | Orc:2    | Noticed julianmaster's ghost (journeyman MiHu)
 20647 | Orc:2    | Learned a level 3 spell: Ozocubu's Armour
 20815 | Orc:2    | Noticed Snorg
 20822 | Orc:2    | Killed Snorg
 20853 | Orc:2    | Found a runed translucent gate.
 20967 | Orc:2    | Found a staircase to the Elven Halls.
 21645 | Elf:1    | Entered Level 1 of the Elven Halls
 21654 | Elf:1    | Reached skill level 1 in Shields
 21712 | Elf:1    | Found a radiant altar of Vehumet.
 22100 | Elf:1    | Reached skill level 5 in Shields
 22601 | Elf:1    | Reached XP level 15. HP: 61/86 MP: 16/28
 23073 | Orc:2    | Bought a book of Conjurations for 340 gold pieces
 23073 | Orc:2    | Bought a book of the Moon for 680 gold pieces
 23325 | D:11     | Found a glowing golden altar of the Shining One.
 23440 | D:11     | Found Badifiod's Antique Weapon Shoppe.
 24072 | D:12     | Noticed Erolcha
 24075 | D:12     | Killed Erolcha
 25158 | D:12     | Noticed Urug
 25160 | D:12     | Killed Urug
 25472 | D:12     | Learned a level 4 spell: Petrify
 25674 | D:13     | Noticed an angel
 25676 | D:13     | Found Ralowk Vafu's Hallowed Reliquary.
 25692 | D:13     | Bought a potion of heal wounds for 70 gold pieces
 25692 | D:13     | Bought a potion of curing for 42 gold pieces
 25692 | D:13     | Bought a potion of heal wounds for 70 gold pieces
 26032 | D:13     | ac 21
 26269 | D:13     | Reached skill level 1 in Armour
 26701 | D:13     | Identified a scroll of acquirement
 26701 | D:13     | Acquired the ring "Valin" {Will+ rCorr MP+9 Slay+3}
 27049 | D:14     | Reached skill level 10 in Spellcasting
 27082 | D:14     | Reached skill level 10 in Maces & Flails
 27087 | D:14     | Learned a level 4 spell: Fulminant Prism
 27208 | D:14     | Found a gate to the Vaults.
 27276 | D:14     | Reached skill level 10 in Shields
 27733 | D:14     | Found a hide-covered altar of Uskayaw.
 27770 | D:14     | Noticed Nessos
 27782 | D:14     | Killed Nessos
 28214 | D:15     | Entered Level 15 of the Dungeon
 28431 | D:15     | ev12
 28703 | D:15     | Reached skill level 5 in Dodging
 28703 | D:15     | Reached XP level 16. HP: 88/92 MP: 7/30
 29602 | D:15     | Found a staircase to the Depths.
 30142 | Snake:1  | Entered Level 1 of the Snake Pit
 30333 | Snake:1  | Noticed Aizul
 30343 | Snake:1  | Killed Aizul
 31024 | Snake:1  | Noticed Mlioglotl
 31285 | Snake:1  | Reached skill level 15 in Conjurations
 31570 | Snake:1  | Killed Mlioglotl
 31571 | Snake:1  | Reached skill level 1 in Summonings
 33159 | Snake:3  | Noticed Asterion
 33170 | Snake:3  | Killed Asterion
 33459 | Snake:3  | Found Xaanto's Book Shop.
 33469 | Snake:3  | Bought a manual of Conjurations for 1520 gold pieces
 33518 | Snake:3  | Reached XP level 17. HP: 100/100 MP: 27/31
 33573 | Snake:3  | Identified the +4 scale mail of the Arcane {rF++ Str+2}
 33606 | Snake:3  | Got the Precepts of Feathers
 33630 | Snake:3  | Found Hile's Vocational Training.
 33668 | Snake:3  | Found Qeacux's Weapon Shop.
 33746 | Snake:3  | Found Zill's General Store.
 33754 | Snake:3  | Bought a scroll of amnesia for 68 gold pieces
 33763 | Snake:3  | Learned a level 7 spell: Spellforged Servitor
 34198 | Snake:3  | Reached skill level 5 in Summonings
 34578 | Snake:3  | Found Teuv's Assorted Antiques.
 34588 | Snake:3  | Bought 2 potions of haste for 640 gold pieces
 34744 | Snake:4  | Entered Level 4 of the Snake Pit
 35021 | Snake:4  | Noticed Agnes
 35029 | Snake:4  | Killed Agnes
 37493 | Snake:4  | Got a serpentine rune of Zot
 37695 | Shoals:1 | Entered Level 1 of the Shoals
 38129 | Shoals:1 | Noticed a kraken
 38135 | Shoals:1 | Killed a kraken
 38295 | Shoals:1 | Noticed Josephine
 38301 | Shoals:1 | Noticed Frances
 38306 | Shoals:1 | Killed Josephine
 38312 | Shoals:1 | Killed Frances
 38842 | Shoals:1 | Reached XP level 18. HP: 102/106 MP: 24/32
 40428 | Shoals:2 | Noticed Polyphemus
 40652 | Shoals:2 | Killed Polyphemus
 41085 | Shoals:3 | Found Ceg Uha's Assorted Antiques.
 41176 | Shoals:3 | Bought a pair of runed gloves for 232 gold pieces
 41373 | Shoals:3 | Found Kuxaywia's Antique Weapon Emporium.
 41384 | Shoals:3 | Found Tunwummoo's Weapon Boutique.
 41418 | Shoals:3 | Found Beden's Book Boutique.
 41426 | Shoals:3 | Bought a manual of Dodging for 1280 gold pieces
 41722 | Shoals:3 | Found Sengad's Antique Armour Shoppe.
 41730 | Shoals:3 | Bought a pair of glowing boots for 277 gold pieces
 41731 | Shoals:3 | Bought a pair of runed boots for 277 gold pieces
 41739 | Shoals:3 | Noticed Donald
 41747 | Shoals:3 | Killed Donald
 42014 | Shoals:4 | Entered Level 4 of the Shoals
 42974 | Shoals:4 | Got a barnacled rune of Zot
 44210 | Lair:5   | Entered Level 5 of the Lair of Beasts
 44577 | Lair:5   | Reached XP level 19. HP: 102/110 MP: 30/33
 45655 | Elf:1    | Identified Roxanne's Folio of Spelunking
 45655 | Elf:1    | Noticed Roxanne
 45664 | Elf:1    | Killed Roxanne
 46023 | Elf:1    | Reached skill level 10 in Dodging
 46259 | Elf:1    | Got the Vellum of Gathered Impulse
 46935 | Elf:2    | Paralysed by an air elemental for 1 turns
 46938 | Elf:2    | Paralysed by an air elemental for 1 turns
 47358 | Elf:2    | Got the Quarto of the Arsonist
 47369 | Elf:2    | Got Acivyf's Cyclopedia of Gusts
 47434 | Elf:2    | Found a runed translucent gate.
 47434 | Elf:2    | Found a runed translucent gate.
 47434 | Elf:2    | Found a runed translucent gate.
 47546 | Elf:3    | Entered Level 3 of the Elven Halls
 47731 | Elf:3    | Found Vueceas's Distillery.
 47740 | Elf:3    | Bought a potion of mutation for 120 gold pieces
 47740 | Elf:3    | Bought a potion of mutation for 120 gold pieces
 47740 | Elf:3    | Bought a potion of heal wounds for 75 gold pieces
 47740 | Elf:3    | Bought a potion of heal wounds for 75 gold pieces
 47740 | Elf:3    | Bought a potion of resistance for 150 gold pieces
 48045 | Elf:3    | Found Omufauhy's Weapon Shop.
 48055 | Elf:3    | Found Ruunwid's Weapon Boutique.
 48432 | Elf:3    | Learned a level 9 spell: Shatter
 48647 | Elf:3    | Reached XP level 20. HP: 66/116 MP: 24/36
 48788 | Elf:3    | Identified the +6 morningstar "Taneudghode" {heavy, Fragile
                  | rCorr Int+5}
 48861 | Elf:3    | Identified the ring of the Endless Expanse {Wiz Str+3}
 48937 | Elf:3    | Found the ring of Shadows {Umbra +Inv Stlth+}
 48945 | Elf:3    | Identified the +1 long sword of Doubt {flame, rElec rN+
                  | Int+3}
 48971 | Elf:3    | Identified the +2 hand axe of the Shining Light {spect, rF+
                  | MP+9 Str+4}
 49129 | Elf:3    | Bought a scroll of blinking for 90 gold pieces
 49129 | Elf:3    | Bought a scroll of fog for 48 gold pieces
 49129 | Elf:3    | Bought a scroll of enchant armour for 90 gold pieces
 50259 | Depths:1 | Entered Level 1 of the Depths
 50340 | Depths:1 | Found Xezeb's General Store.
 50348 | Depths:1 | Bought a scroll of fog for 72 gold pieces
 50348 | Depths:1 | Bought a scroll of amnesia for 72 gold pieces
 50348 | Depths:1 | Bought a scroll of fog for 72 gold pieces
 50348 | Depths:1 | Bought a scroll of blinking for 135 gold pieces
 50379 | Depths:1 | Identified the ring of Brilliance {rElec rF+ EV+5 Str+3}
 50499 | Depths:1 | Found a gateway to Hell.
 50762 | Depths:1 | Identified the +7 longbow of Jifyos {speed, rPois rF+
                  | Int+2}
 50776 | Depths:1 | Noticed a hellephant
 50782 | Depths:1 | Killed a hellephant
 50920 | Depths:1 | Noticed a hellephant
 50920 | Depths:1 | Noticed a doom hound
 50930 | Depths:1 | Killed a doom hound
 50935 | Depths:1 | Killed a hellephant
 51328 | Depths:1 | Noticed a golden dragon
 51338 | Depths:1 | Killed a golden dragon
 51794 | Depths:1 | Reached skill level 15 in Earth Magic
 51945 | Depths:1 | Identified the +0 buckler of the Shining Light {rElec rF+
                  | Will+}
 51950 | Depths:1 | Identified the staff of death "Pulih" {rPois rN+ Dex+2
                  | Stlth+}
 52592 | Snake:3  | Bought a manual of Evocations for 1040 gold pieces
 53192 | Depths:2 | Found a one-way gate leading to the halls of Pandemonium.
 53352 | Depths:2 | Found a one-way gate to the infinite horrors of the Abyss.
 53365 | Depths:2 | Reached skill level 5 in Evocations
 53439 | Depths:2 | Reached XP level 21. HP: 120/120 MP: 15/37
 53705 | Depths:2 | Reached skill level 15 in Shields
 54296 | Depths:2 | Found a shadowy altar of Dithmenos.
 54296 | Depths:2 | Found the +2 hood of the Assassin {Detect Stab+ Stlth++}
 54533 | Depths:3 | Noticed Boris
 54814 | Depths:3 | Found a one-way gateway to a ziggurat.
 55069 | Depths:3 | Reached skill level 10 in Evocations
 55176 | Depths:3 | Found Inurak's Distillery.
 55195 | Depths:3 | Bought a potion of cancellation for 136 gold pieces
 55195 | Depths:3 | Bought a potion of brilliance for 68 gold pieces
 55257 | Depths:3 | Noticed Mennas
 55287 | Depths:3 | Noticed Margery
 55317 | Depths:3 | Killed Mennas
 55608 | Depths:3 | Killed Boris
 55701 | Depths:3 | Got Gypaoruc's Vellum of the Scorched Blizzard
 56350 | Depths:3 | Identified the +0 pair of gloves "Uskauv" {rC+ rCorr}
 56524 | Depths:4 | Entered Level 4 of the Depths
 56527 | Depths:4 | Found a broken altar of Ashenzari.
 56873 | Depths:4 | Reached XP level 22. HP: 116/125 MP: 17/38
 57073 | Depths:4 | Found a gate to the Realm of Zot.
 57440 | Depths:4 | Noticed a golden dragon
 57451 | Depths:4 | Killed a golden dragon
 58298 | Vaults:1 | Entered Level 1 of the Vaults
 58739 | Vaults:1 | Identified the +4 giant spiked club "Hehex" {venom, rN+}
 60897 | Vaults:2 | Learned a level 5 spell: Lee's Rapid Deconstruction
 60974 | Vaults:2 | Found a runed translucent gate.
 60974 | Vaults:2 | Found a runed translucent gate.
 60974 | Vaults:2 | Found a runed translucent gate.
 60974 | Vaults:2 | Noticed Ciotsan's ghost (adept FeIE)
 60990 | Vaults:2 | Killed Ciotsan's ghost
 61311 | Vaults:2 | Reached XP level 23. HP: 128/130 MP: 37/40
 61872 | Vaults:2 | Got the Enchiridion on Flesh
 62254 | Vaults:2 | Found a staircase to the Crypt.
 62362 | Vaults:2 | Paralysed by an air elemental for 1 turns
 62464 | Vaults:2 | Got the Parchment of the Storm
 62761 | Vaults:2 | Learned a level 5 spell: Borgnjor's Vile Clutch
 62887 | Vaults:2 | Found Vosogic's Weapon Shoppe.
 63050 | Vaults:2 | Reached skill level 1 in Necromancy
 63298 | Vaults:3 | Identified the amulet of the Hurling Madman {RegenMP Drain
                  | rPois Str+2 Dex+4}
 63584 | Vaults:3 | Reached skill level 5 in Necromancy
 63716 | Vaults:3 | Identified the +1 leather armour of Henotheism {Harm
                  | Rampage}
 65049 | Vaults:3 | Found a portal to a secret trove of treasure.
 65456 | Vaults:4 | Noticed Boris
 65464 | Vaults:4 | Killed Boris
 65696 | Vaults:4 | Found a magical portal.
 65709 | WizLab   | Entered The Chambers of the Cloud Mage
 65825 | WizLab   | Paralysed by an air elemental for 1 turns
 66218 | WizLab   | Noticed Teacaoxumau
 66225 | WizLab   | Killed Teacaoxumau the Cloud Mage
 66361 | WizLab   | Identified the +2 long sword "Omiywej" {flame, rC+ Will+++
                  | MP+9 Str-5}
 66524 | WizLab   | Identified the ring "Pierhom" {rF+ Str+4 Int+6}
 66528 | WizLab   | Got the Incunabulum of Anemomancy
 66803 | Vaults:4 | Reached XP level 24. HP: 136/136 MP: 2/41
 66877 | Vaults:4 | Noticed Jory
 66882 | Vaults:4 | Killed Jory
 68044 | Vaults:5 | Entered Level 5 of the Vaults
 68057 | Vaults:5 | Reached skill level 1 in Fire Magic
 68061 | Vaults:5 | Noticed Frederick
 68212 | Vaults:5 | Killed Frederick
 68279 | Vaults:5 | Reached skill level 5 in Fire Magic
 68355 | Vaults:5 | Reached skill level 15 in Spellcasting
 68592 | Vaults:5 | Noticed a dread lich
 68593 | Vaults:5 | Killed a dread lich
 68595 | Vaults:5 | Reached XP level 25. HP: 125/140 MP: 25/42
 68824 | Vaults:5 | Noticed Xtahua
 68831 | Vaults:5 | Killed Xtahua
 69028 | Vaults:5 | Noticed Boris
 69035 | Vaults:5 | Killed Boris
 69224 | Vaults:5 | Got a silver rune of Zot
 69225 | Vaults:5 | Identified the staff of air "Tubunk" {rElec rPois Stlth+}
 69556 | Vaults:5 | Identified the ring of Dyfrug {Fire Drain Str+6 Int+6}
 69602 | Vaults:5 | Identified the +1 ring mail of Refuge {rElec rPois}
 69712 | Vaults:5 | Identified the staff of conjuration "Olit" {Will+ Str+6}
 69801 | Vaults:5 | Got the Book of Electric Lamentation
 70649 | Slime:1  | Entered Level 1 of the Pits of Slime
 71056 | Slime:3  | Reached skill level 10 in Fire Magic
 71744 | Slime:5  | Entered Level 5 of the Pits of Slime
 72109 | Slime:5  | Noticed the Royal Jelly
 72120 | Slime:5  | Killed the Royal Jelly
 72451 | Slime:5  | Found the +6 arbalest "Damnation" {damnation}
 72459 | Slime:5  | Identified the +1 morningstar "Riuwky" {venom, Will+ Str+3
                  | Int+4}
 72461 | Slime:5  | Got a slimy rune of Zot
 72462 | Slime:5  | Identified the +2 helmet of Koirchent {Fly rPois rC++
                  | Dex-4}
 72490 | Slime:5  | Identified the +2 glaive "Ekifuef" {spect, Contam rPois rN+
                  | Str+7}
 72529 | Slime:5  | Identified the amulet of Voymots {Faith +Blink Int+3}
 72572 | Slime:5  | Identified the +4 trident of Zuasig {heavy, *Noise +Blink
                  | rElec Dex+5}
 72864 | Lair:4   | Learned a level 9 spell: Fire Storm
 72872 | Lair:4   | Bought a potion of mutation for 152 gold pieces
 72872 | Lair:4   | Bought a potion of magic for 152 gold pieces
 72872 | Lair:4   | Bought a potion of magic for 152 gold pieces
 73245 | Crypt:1  | Entered Level 1 of the Crypt
 73838 | Crypt:1  | Noticed Qode's ghost (veteran GnHW)
 73841 | Crypt:1  | Found a runed translucent door.
 73856 | Crypt:1  | Reached XP level 26. HP: 145/145 MP: 29/43
 74387 | Crypt:1  | Killed Qode's ghost
 74458 | Crypt:2  | Noticed Saint Roka
 74461 | Crypt:2  | Killed Saint Roka
 74462 | Crypt:2  | Reached skill level 15 in Fire Magic
 74769 | Crypt:2  | Identified the +4 leather armour "Puisch" {+Inv Slay-5
                  | Stlth+}
 75433 | Crypt:2  | Noticed Vv
 75493 | Crypt:2  | Killed Vv
 76316 | Crypt:3  | Entered Level 3 of the Crypt
 77650 | Crypt:3  | Found an ancient bone altar of Kikubaaqudgha.
 77654 | Crypt:3  | Found a basalt altar of Yredelemnul.
 77685 | Crypt:3  | Identified the +0 dagger of Trauma {speed, *Rage rN++
                  | Str+4}
 77686 | Crypt:3  | Identified the staff of death "Jaodghus" {*Corrode rC++
                  | rN+}
 77712 | Crypt:3  | Identified the staff of poison "Kakiarau" {Drain rElec
                  | rPois rF- Dex+6}
 77714 | Crypt:3  | Identified the +4 scale mail of the Sparrow {rElec Will+
                  | Int+3}
 78188 | Crypt:3  | Found a staircase to the Tomb.
 78614 | Hell     | Entered the Vestibule of Hell
 78619 | Hell     | Noticed Geryon
 78623 | Hell     | Killed Geryon
 79130 | Hell     | Reached XP level 27. HP: 130/150 MP: 14/43
 79261 | Hell     | Found a gateway to the Iron City of Dis.
 79323 | Hell     | Found a gateway to the ashen valley of Gehenna.
 79404 | Hell     | Found a gateway to the freezing wastes of Cocytus.
 79544 | Hell     | Found a gateway to the decaying netherworld of Tartarus.
 79708 | Tar:1    | Entered Level 1 of Tartarus
 80349 | Tar:4    | Noticed a dread lich
 80507 | Geh:1    | Entered Level 1 of Gehenna
 81900 | Pan      | Entered Pandemonium
 82242 | Pan      | Found a runed translucent door.
 82486 | Pan      | Found an exit through the horrors of the Abyss.
 82495 | Pan      | Took an exit into the Abyss.
 82495 | Abyss:1  | Escaped into the Abyss
 82495 | Abyss:1  | Found a corrupted altar of Lugonu.
 82498 | Abyss:1  | Found a corrupted altar of Lugonu.
 82601 | Depths:2 | Escaped the Abyss
 82696 | Zot:1    | Entered Level 1 of the Realm of Zot
 85196 | Zot:2    | Noticed Grunn
 85207 | Zot:2    | Killed Grunn
 87754 | Zot:4    | Found the +15 Maxwell's patent armour {-Cast -Tele rElec
                  | Will+ rCorr}
 88263 | Zot:4    | Found a shimmering altar of Xom.
 88553 | Zot:4    | Found a shimmering altar of Xom.
 88553 | Zot:4    | Found a shimmering altar of Xom.
 88555 | Zot:4    | Found a shimmering altar of Xom.
 88563 | Zot:4    | Reached skill level 27 in Conjurations
 89191 | Zot:4    | Found a glowing silver altar of Zin.
 89437 | Zot:5    | Entered Level 5 of the Realm of Zot
 90154 | Pan      | Entered Pandemonium
 90184 | Pan      | Noticed Iguisoomm the pandemonium lord
 90193 | Pan      | Killed Iguisoomm the pandemonium lord
 91715 | Pan      | HP: 4/150 [Hell Sentinel/iron shot (80)]
 92405 | Pan      | Entered the realm of Cerebov.
 94557 | Pan      | Identified the +2 quarterstaff "Wydyt" {heavy, Dex+5}
 94961 | Pan      | Found the +6 sword of Cerebov {flame}
 94961 | Pan      | Noticed Cerebov
 95443 | Pan      | Reached skill level 27 in Fire Magic
 95596 | Pan      | Identified the +11 scimitar "Ysasoif" {elec, rF+ rC++
                  | Str+4}
 96007 | Pan      | Reached skill level 1 in Staves
 96481 | Pan      | Identified the +3 bardiche of Deen {elec, Fly rC+}
 96497 | Pan      | Identified the +4 spear of the Postmodern Friends {heavy,
                  | MP-9 Str+5 Dex+3}
 96619 | Pan      | Reached skill level 5 in Staves
 96994 | Pan      | Got a fiery rune of Zot
 97069 | Pan      | Found a transporter.
 97388 | Pan      | Entered the realm of Gloorx Vloq.
 97461 | Pan      | Found an exit through the horrors of the Abyss.
 97956 | Pan      | Noticed Gloorx Vloq
 97962 | Pan      | Killed Gloorx Vloq
 98135 | Pan      | Learned a level 8 spell: Necromutation
 98194 | Pan      | Got a dark rune of Zot
 98786 | Pan      | Noticed Jibirissid the pandemonium lord
 98789 | Pan      | Killed Jibirissid the pandemonium lord
 98855 | Pan      | Got a demonic rune of Zot
 98881 | Pan      | Entered the realm of Lom Lobon.
 98881 | Pan      | Noticed Lom Lobon
 98889 | Pan      | Killed Lom Lobon
 98912 | Pan      | Got a magical rune of Zot
 99099 | Pan      | Reached skill level 10 in Staves
 99269 | Pan      | Identified the +5 long sword of Zuizocs {flame, Drain
                  | Dex+4}
 99277 | Pan      | Entered the realm of Mnoleg.
 99344 | Pan      | Paralysed by a floating eye for 4 turns
 99462 | Pan      | Reached skill level 10 in Fighting
 99658 | Pan      | Noticed Mnoleg
 99668 | Pan      | Killed Mnoleg
 99783 | Pan      | Got a glowing rune of Zot
100123 | Pan      | Found the +6 sword of Cerebov {flame}
100123 | Pan      | Noticed Cerebov
100591 | Pan      | Noticed Dilinefe the pandemonium lord
100600 | Pan      | Killed Dilinefe the pandemonium lord
100866 | Pan      | Found an exit through the horrors of the Abyss.
100878 | Pan      | Took an exit into the Abyss.
100878 | Abyss:2  | Escaped into the Abyss
100885 | Abyss:2  | Found a corrupted altar of Lugonu.
100940 | Abyss:3  | Found a corrupted altar of Lugonu.
100945 | Abyss:3  | Found a corrupted altar of Lugonu.
100945 | Abyss:3  | Found a corrupted altar of Lugonu.
100955 | Abyss:3  | Found a corrupted altar of Lugonu.
101301 | Abyss:5  | Reached skill level 15 in Fighting
101348 | Abyss:5  | Gained mutation: Your magical capacity is low. (-10% MP) [a
                  | neqoxec]
101372 | Abyss:6  | Paralysed by accursed screaming for 1 turns
101410 | Abyss:6  | Got an abyssal rune of Zot
101436 | Abyss:6  | Found a corrupted altar of Lugonu.
101441 | Depths:2 | Escaped the Abyss
101491 | Coc:1    | Entered Level 1 of Cocytus
101838 | Coc:3    | Noticed a dread lich
101841 | Coc:3    | Killed a dread lich
101919 | Coc:3    | You are sucked into a shaft and drop 1 floor!
101922 | Coc:4    | Reached skill level 10 in Necromancy
102353 | Coc:7    | Entered Level 7 of Cocytus
102813 | Coc:7    | Reached skill level 15 in Necromancy
103053 | Coc:7    | Paralysed by a wendigo for 1 turns
103123 | Coc:7    | Noticed Antaeus
103158 | Coc:7    | Killed Antaeus
103183 | Coc:7    | Got an icy rune of Zot
103449 | Coc:7    | Identified the +3 whip "Eqavvoekh" {venom, rPois rF+ Int-5}
103742 | D:15     | Bought a Necronomicon for 952 gold pieces
103751 | D:15     | Learned a level 8 spell: Borgnjor's Revivification
103954 | Tar:4    | Killed a dread lich
104427 | Tar:7    | Entered Level 7 of Tartarus
104708 | Tar:7    | Noticed an ancient lich
104714 | Tar:7    | Killed an ancient lich
104846 | Tar:7    | Found the +5 glaive of the Guard {elec, spectral, AC+5}
104858 | Tar:7    | Noticed a dread lich
104860 | Tar:7    | Killed a dread lich
104955 | Tar:7    | Learned a level 1 spell: Apportation
104959 | Tar:7    | Identified the +1 hand axe of Pestilence {venom, Dex+5}
105629 | Tar:7    | Found the +7 mace of Variability {chaos, chain chaos}
105649 | Tar:7    | Got the Grimoire of Reformed Feathers
105655 | Tar:7    | Identified the ring "Unesuj" {rElec rN+ Str-4 Int+6 Slay+2}
105738 | Tar:7    | Noticed an ancient lich
105741 | Tar:7    | Killed an ancient lich
105951 | Tar:7    | Noticed Ereshkigal
105958 | Tar:7    | Killed Ereshkigal
106038 | Tar:7    | Got a bone rune of Zot
106184 | Dis:1    | Entered Level 1 of the Iron City of Dis
106189 | Dis:1    | Noticed a dread lich
106190 | Dis:1    | Killed a dread lich
107063 | Dis:5    | You are sucked into a shaft and drop 1 floor!
107067 | Dis:7    | Entered Level 7 of the Iron City of Dis
108076 | Dis:7    | Identified the ring "Kulyi" {+Blink rPois Int-2 SInv}
108077 | Dis:7    | Identified the ring of Inganner {rN+ Str+3}
108842 | Dis:7    | Noticed Dispater
108844 | Dis:7    | Noticed a juggernaut
108847 | Dis:7    | Killed a juggernaut
108853 | Dis:7    | Killed Dispater
109098 | Dis:7    | Identified the staff of fire "Zegaf" {rF+ rN+ Will+ rCorr}
109100 | Dis:7    | Identified the ring of Xom's Righteous Anger {Drain rN+
                  | AC+4 Str+3}
109105 | Dis:7    | Got an iron rune of Zot
109859 | Geh:7    | Entered Level 7 of Gehenna
109969 | Geh:7    | Noticed the Serpent of Hell
109977 | Geh:7    | Killed the Serpent of Hell
109998 | Geh:7    | Noticed an ancient lich
110004 | Geh:7    | Killed an ancient lich
110210 | Geh:7    | Found the +7 sceptre of Asmodeus
110210 | Geh:7    | Noticed Asmodeus
110229 | Geh:7    | Killed Asmodeus
110309 | Geh:7    | Got an obsidian rune of Zot
110741 | Tomb:1   | Entered Level 1 of the Tomb of the Ancients
111078 | Tomb:1   | Noticed a royal mummy
111189 | Tomb:1   | Killed a royal mummy
111190 | Tomb:1   | Noticed a royal mummy
111190 | Tomb:1   | Noticed a royal mummy
111190 | Tomb:1   | Noticed a royal mummy
111207 | Tomb:1   | Killed a royal mummy
111217 | Tomb:1   | Killed a royal mummy
111232 | Tomb:1   | Killed a royal mummy
111267 | Tomb:1   | Noticed a royal mummy
111274 | Tomb:1   | Killed a royal mummy
111327 | Tomb:1   | Noticed a royal mummy
111337 | Tomb:1   | Noticed a royal mummy
111368 | Tomb:1   | Noticed a royal mummy
111372 | Tomb:1   | Killed a royal mummy
111373 | Tomb:1   | Killed a royal mummy
111382 | Tomb:1   | Killed a royal mummy
111389 | Tomb:1   | Noticed a royal mummy
111395 | Tomb:1   | Killed a royal mummy
111726 | Tomb:2   | Noticed Boris
111729 | Tomb:2   | Killed Boris
111824 | Tomb:3   | Entered Level 3 of the Tomb of the Ancients
111878 | Tomb:3   | Noticed a royal mummy
111880 | Tomb:3   | Killed a royal mummy
111884 | Tomb:3   | Noticed a royal mummy
111886 | Tomb:3   | Noticed a royal mummy
111887 | Tomb:3   | Killed a royal mummy
111887 | Tomb:3   | Killed a royal mummy
111888 | Tomb:3   | Noticed a royal mummy
111890 | Tomb:3   | Noticed a royal mummy
111890 | Tomb:3   | Noticed a royal mummy
111893 | Tomb:3   | Killed a royal mummy
111896 | Tomb:3   | Noticed a royal mummy
111899 | Tomb:3   | Killed a royal mummy
111900 | Tomb:3   | Noticed a royal mummy
111901 | Tomb:3   | Killed a royal mummy
111902 | Tomb:3   | Identified the +1 long sword "Faocio" {elec, rC+ Int+3
                  | Dex-2 Stlth+}
111902 | Tomb:3   | Noticed a royal mummy
111902 | Tomb:3   | Killed a royal mummy
111902 | Tomb:3   | Killed a royal mummy
111903 | Tomb:3   | Killed a royal mummy
112115 | Tomb:3   | Learned a level 8 spell: Necromutation
112429 | Tomb:3   | Found the +8 demon trident "Rift" {distort, reach+}
112627 | Tomb:3   | Got a golden rune of Zot
113497 | Zot:5    | Noticed an orb of fire
113510 | Zot:5    | Noticed an ancient lich
113595 | Zot:5    | Noticed an orb of fire
113599 | Zot:5    | Noticed an orb of fire
113608 | Zot:5    | Killed an orb of fire
113660 | Zot:5    | Noticed a dread lich
113662 | Zot:5    | Killed a dread lich
113731 | Zot:5    | Noticed an orb of fire
113735 | Zot:5    | Noticed an orb of fire
113736 | Zot:5    | Noticed an ancient lich
113743 | Zot:5    | Killed an ancient lich
113816 | Zot:5    | Killed a dread lich
113938 | Zot:5    | Got the Orb of Zot
113960 | Zot:5    | Killed an ancient lich
114522 | D:$      | Escaped with the Orb!

Illustrated notes #### ###....#.. #.#.##.....#..# #............. ..........#.. ........#... ##........#. ####........... .......@.....# ............S.. ......#.#...#..$ .......##.....( ...#. . ##... .. ..## .. . .. . ..# Turn 10838 on Lair:1: EV12 .................. #...##.#.......... ..P....#.####.#... ...##..#.# #.#P## . .. ##...# #.# ###.. ##.#####.##..... #...##...#.....# #...##........# #...##..@..# ###......### #......# ##......# #.......# #....###### ##..## ### Turn 11137 on Lair:1: EV12 ######## #........# #......# #......... #......######........# #......##............# #......##.###........# #......##.# #........# #......'..# #........# #......#### #........# #....@.# ##.####### #####$## #.## #.°.# #..### #§### ##...# .§☼ #######.## #.§ #........# #.c .........### #. #........##. #. #........#.. Turn 26032 on D:13: ac 21

#....[ #...# ##
.............. ....##.
.............. .# ...
.##.............$ ###...
................. ....#
.....$........... ##.###
................. ##.#.##
...........?...# .
......##........@......# .#
.......#...............#..#
.........................#
.........................#
........................##
#..........................
##...................###...
#.....................##...
#........................ .


Turn 28431 on D:15: ev12

Levels and vault maps discovered:
D:1:      dpeg_arrival_signposts, layout_rooms, dreamdust_wishing_well
D:2:      layout_rooms, hellmonk_ecumenical_altar_watching_god, basic_altar,
          pf_guarded_unrand_delatra, uniq_crazy_yiuf_cottage
D:3:      layout_loops_ring, minmay_surrounded
D:4:      layout_basic
D:5:      layout_basic, led_sif_book, uniq_menkaure
D:6:      layout_cave_pools, solitary_fountain, bh_walls_and_bars
D:7:      layout_gridville, lemuel_temple_firewalk_b,
          chequers_ossuary_entry_cave
D:8:      layout_rooms, due_lair_maze_entry_diamond,
          chequers_serial_rivers_room_b, kennysheep_generic_room_11
D:9:      layout_roguey, minmay_ruined_shrine, uniq_prince_ribbit1
D:10:     layout_basic, nicolae_ru_awakened_eye, orc_0_dummy
D:11:     layout_gridville, serial_shops, nicolae_shop_window_shopping,
          serial_glass, glass_columns_b, glass_columns_a, glass_columns_b,
          glass_columns_b, glass_columns_a, glass_columns_b, tso_altar
D:12:     layout_basic, uniq_erolcha, uniq_urug
D:13:     layout_roguey, nicolae_good_shop
D:14:     layout_gridville, david_vaults_4,
          nicolae_uskayaw_murder_on_the_dancefloor, serial_rivers,
          chequers_serial_rivers_micro_b, chequers_serial_rivers_room_b,
          chequers_serial_rivers_large_a, chequers_serial_rivers_large_b,
          uniq_nessos
D:15:     gammafunk_depths_entry_grave, layout_cave_pools,
          minmay_misc_feat_enclosed
Temple:   nicolae_temple_bog_church
Lair:1:   layout_misc_corridors, serial_bayou_shore_b, lemuel_fruit_tree,
          uniq_sonja, uniq_gastronok
Lair:2:   layout_long_grid, dummy_snake_entry, gammafunk_ghost_split,
          lemuel_centaur_altar
Lair:3:   layout_regular_city, nicolae_shoals_entry_roost,
          cheibrodos_lair_lostbears, serial_bayou_shore_b, lemuel_fruit_fields,
          grunt_megastairs_1, serial_bayou_shore_a
Lair:4:   layout_gridlike, dpeg_slime_entry_enclosed, gauntlet_entry_generic,
          basic_altar, grunt_megastairs_2
Lair:5:   due_jungle_book, layout_regular_city
Shoals:1: layout_shoals, uniq_josephine, uniq_frances
Shoals:2: layout_shoals, nicolae_shoals_hunting_party, uniq_polyphemus
Shoals:3: layout_shoals, serial_shops, shop, shop, shop, shop, shop, uniq_donald
Shoals:4: shoals_end_grunt_ice, layout_shoals, nicolae_shoals_songs
Snake:1:  layout_rooms, uniq_mlioglotl, uniq_aizul
Snake:2:  layout_gridlike, nicolae_snake_gridmaze_tees, serial_bayou_pond_c
Snake:3:  layout_cave_town, serial_shops, nicolae_stop_n_shop_1,
          nicolae_shop_waterfront, nicolae_shop_bloodbath_and_beyond,
          nicolae_shop_trees, nicolae_snake_gridmaze_entwining,
          nicolae_shop_vocational, uniq_asterion
Snake:4:  grunt_snake_rune_pools, layout_onion_interference, uniq_agnes
Slime:1:  layout_caves
Slime:2:  layout_caves
Slime:3:  layout_caves
Slime:4:  layout_caves, nicolae_slime_rock_hall_of_fame
Slime:5
Orc:1:    layout_diamond_mine, serial_shops, uniq_fannar
Orc:2:    st_orc_open, layout_caves, portal_ice_cave_entry_pillars_1,
          gammafunk_ghost_split, uniq_snorg
Elf:1:    eino_elf_arrival_altar, layout_loops_cross,
          portal_desolation_entry_twin_temple, minmay_elf_sorcery, uniq_roxanne
Elf:2:    nicolae_elf_blades_splatter_lattice
          [nicolae_blade_entry_hurt_lockers], layout_gridlike,
          grunt_ministairs_2, nicolae_elf_elemental_lessons,
          lemuel_upstairs_altar
Elf:3:    elf_hall, layout_onion_city, serial_shops, nicolae_shop_stone,
          minmay_shoptagon
Vaults:1: nicolae_vaults_shelves_hall, vaults_room_hangedman_quadrants,
          hangedman_vaults_stagger, nicolae_vaults_little_squares_4,
          nicolae_vaults_diagonal_hallway_8, v_misc_17, hangedman_vaults_cutoff,
          vaults_mumra_lcd, vaults_room_fours, layout_vaults_chaotic_city
Vaults:2: gammafunk_ghost_split, vaults_mumra_hexcomb, v_rooms_1, v_misc_22,
          vaults_room_large_hall, minmay_crypt_entry_nasty_monster,
          nicolae_vaults_shelves_hall, hangedman_vaults_river_flow,
          nicolae_vaults_network_star, ontoclasm_vaults_eye,
          nicolae_vaults_quartermaster, dpeg_vaults_monster_box,
          ontoclasm_vaults_tryst, nicolae_vaults_specimen_jars, v_misc_13,
          layout_vaults_maze, serial_hangedman_research,
          hangedman_research_metamorphosis, hangedman_research_electronics,
          hangedman_research_thermodynamics
Vaults:3: hangedman_vaults_impose, nicolae_vaults_network_square, v_misc_27,
          nicolae_vaults_gold_heap, ontoclasm_vaults_decontamination,
          layout_vaults_omnigrid, nicolae_trove_entry_diagonal
Vaults:4: infiniplex_enter_wizlab_glasses, v_misc_3,
          nicolae_vaults_statue_guard, ontoclasm_vaults_ring_small,
          hangedman_vaults_stream, v_misc_9, vaults_room_door_ring,
          nicolae_vaults_ring_of_whatevers, grunt_vaults_funnel,
          nicolae_vaults_alarming, v_misc_25, v_misc_12,
          nicolae_vaults_rhombus_6, nicolae_vaults_theta,
          nicolae_vaults_little_squares_4, layout_vaults_ring, uniq_jory
Vaults:5: serial_shops, uniq_xtahua, uniq_frederick
Crypt:1:  layout_gridlike, hellmonk_ghost_happy_afterlife,
          minmay_misc_feat_pillars
Crypt:2:  statuecave_lemuel, layout_catacombs, uniq_vv, uniq_saint_roka
Crypt:3:  lightli_unholy_cathedral, layout_chaotic_city,
          tomb_entry_sphere_bobbens
Tomb:1
Tomb:2
Tomb:3
Depths:1: minmay_the_grid_triangle_9x9_rhombus_thin_mashed
          [minmay_the_grid_triangle_9x9_skeleton,
          minmay_the_grid_triangle_9x9_prize_top_heavy,
          minmay_the_grid_triangle_9x9_zippers_horizontal,
          minmay_the_grid_triangle_9x9_sparse_checkered], layout_basic,
          hell_entry, serial_shops, shop, minmay_misc_feat_rugged,
          beargit_elvish_explorers, serial_bayou_shore_b
Depths:2: regret_index_dithmenos_brocken_genspenst, layout_twisted_cross,
          abyss_entry, hangedman_abyss_or_decor_slice, grunt_metal_band,
          rand_demon_pan_entry_5, minmay_misc_feat_cross,
          infiniplex_staircase_zigzag_4
Depths:3: minmay_haunted_quarter, layout_long_grid, enter_ziggurat_d,
          serial_shops, shop_coins, abyss_entry, hangedman_coc_ice_floe,
          infiniplex_staircase_pool_2, uniq_boris, uniq_margery, uniq_mennas
Depths:4: grunt_x_marks_the_spot, layout_honeycomb, hell_entry,
          grunt_pan_entry_zigzag, hangedman_decor_opposing,
          minmay_misc_feat_five, nicolae_ashenzari_skybound
Hell
Dis:1:    layout_gridville, nicolae_dis_big_boring_drill
Dis:2:    layout_jigsaw
Dis:3:    layout_gridville
Dis:4:    layout_regular_city
Dis:5:    layout_subdivisions, nicolae_dis_distal_crystal
Dis:6:    layout_overlapping_boxes
Dis:7:    dis_st
Geh:1:    layout_gehenna_pools_box
Geh:2:    layout_gehenna_pools_basic
Geh:3:    layout_gehenna_lava_caves
Geh:4:    layout_gehenna_pools_box
Geh:5:    layout_gehenna_pools_triple
Geh:6:    layout_gehenna_lava_caves
Geh:7:    geh_grunt
Coc:1:    layout_cocytus_water_paths
Coc:2:    layout_cocytus_water_paths
Coc:3:    layout_ice_bergs, nicolae_coc_icebean_singular
          [nicolae_sub_coc_subbean]
Coc:4:    layout_cocytus_water_paths
Coc:5:    layout_cocytus_delve
Coc:6:    layout_ice_bergs
Coc:7:    coc_dpeg
Tar:1:    layout_catacombs
Tar:2:    layout_cathedral_of_symmetry
Tar:3:    layout_grid_maze
Tar:4:    layout_grid_maze, nicolae_hells_hurtin_island
Tar:5:    layout_honeycomb
Tar:6:    layout_cathedral_of_symmetry
Tar:7:    tar_old
Zot:1:    layout_misc_corridors, zot_minivault_5
Zot:2:    layout_twisted_circle, uniq_grunn
Zot:3:    kennysheep_room_grid, layout_misc_corridors, amethyst_zot_foddershock
Zot:4:    dreamdust_zin_vs_xom, layout_basic
Zot:5:    layout_misc_corridors

Skill      XL: |  1  2  3  4  5  6  7  8  9 10 11 12 13 14 15 16 17 18 19 20 21 22 23 24 25 26 27 |
---------------+----------------------------------------------------------------------------------+-----
Spellcasting   | 3 4 5 7 8 9 10 12 13 14 15 16 24 | 24.2
Earth Magic    | 4 5 8 9 12 13 15 18 21 24 26 | 26.5
Conjurations   | 1 4 5 6 7 10 12 13 15 19 22 27 | 27.0
Transmutations | 3 5 6 8 |  8.8
Stealth        | 7 |  7.9
Fighting       | 7 9 21 | 21.2
Dodging        | 3 4 5 6 9 12 13 | 13.3
Evocations     | 2 3 5 12 | 12.8
Maces & Flails | 4 6 10 | 10.0
Ice Magic      | 1 4 |  4.1
Air Magic      | 1 3 |  3.4
Shields        | 6 10 12 14 15 | 15.0
Armour         | 4 |  4.5
Summonings     | 4 8 9 |  9.0
Necromancy     | 5 22 | 22.9
Fire Magic     | 7 14 19 27 | 27.0
Staves         | 10 | 10.2

Action                     |  1- 3 |  4- 6 |  7- 9 | 10-12 | 13-15 | 16-18 | 19-21 | 22-24 | 25-27 || total
---------------------------+-------+-------+-------+-------+-------+-------+-------+-------+-------++-------
  Melee: Dagger            |    16 |    39 |    10 |    47 |       |       |       |       |       ||   112
         Punch             |     1 |     1 |       |     1 |     6 |       |       |       |       ||     9
         Falchion          |       |       |     1 |       |       |       |       |       |       ||     1
         Staff             |       |       |       |     3 |       |    18 |    10 |     6 |   528 ||   565
         Whip              |       |       |       |       |   444 |   403 |    94 |   200 |   245 ||  1386
         Demon whip        |       |       |       |       |       |       |       |       |     3 ||     3
  Throw: Stone             |    12 |     8 |     8 |     8 |    21 |     5 |     1 |       |       ||    63
         Throwing net      |       |       |       |       |       |       |       |       |     3 ||     3
   Cast: Sandblast         |    40 |    77 |    72 |   110 |     8 |       |       |       |       ||   307
         Stone Arrow       |       |     4 |    51 |   176 |   145 |     2 |     3 |     6 |       ||   387
         Petrify           |       |       |       |     3 |       |       |       |       |       ||     3
         Irradiate         |       |       |       |    11 |    26 |    11 |     3 |     1 |     3 ||    55
         Iron Shot         |       |       |       |       |   101 |    95 |   108 |    93 |   668 ||  1065
         Freezing Cloud    |       |       |       |       |   118 |   258 |   128 |   115 |   310 ||   929
         Ozocubu's Armour  |       |       |       |       |     3 |     4 |     3 |     3 |     5 ||    18
         Fulminant Prism   |       |       |       |       |     5 |     1 |       |       |       ||     6
         Spellforged Servi |       |       |       |       |       |    60 |   110 |    50 |   295 ||   515
         Blink             |       |       |       |       |       |       |     1 |     2 |    20 ||    23
         Lee's Rapid Decon |       |       |       |       |       |       |       |    54 |   126 ||   180
         Borgnjor's Vile C |       |       |       |       |       |       |       |    46 |   153 ||   199
         Shatter           |       |       |       |       |       |       |       |    37 |    96 ||   133
         Fire Storm        |       |       |       |       |       |       |       |       |   462 ||   462
         Apportation       |       |       |       |       |       |       |       |       |     2 ||     2
         Necromutation     |       |       |       |       |       |       |       |       |     1 ||     1
 Invoke: Call Merchant     |       |       |       |       |     2 |     1 |     1 |       |     1 ||     5
         Potion Petition   |       |       |       |       |       |       |       |       |    30 ||    30
         Bribe Branch      |       |       |       |       |       |       |       |       |     4 ||     4
  Evoke: Wand              |       |       |       |     2 |    10 |       |       |       |       ||    12
         Box of beasts     |       |       |       |       |       |       |     1 |       |       ||     1
         Phantom mirror    |       |       |       |       |       |       |     1 |       |       ||     1
         Condenser vane    |       |       |       |       |       |       |     1 |       |       ||     1
    Use: Scroll            |     2 |     8 |     2 |    10 |    18 |     7 |     5 |     6 |    43 ||   101
         Potion            |       |       |       |     1 |     9 |     5 |     4 |     2 |    42 ||    63
   Stab: Sleeping          |       |     1 |       |       |     1 |     1 |       |       |       ||     3
         Distracted        |       |       |       |     1 |     2 |     4 |     2 |     2 |    18 ||    29
         Invisible         |       |       |       |       |       |       |       |       |     1 ||     1
 Armour: Robe              |     4 |    22 |    30 |    97 |   311 |   220 |    69 |    98 |   586 ||  1437
  Dodge: Dodged            |    14 |    53 |    33 |   119 |   352 |   165 |    75 |   140 |   568 ||  1519
         Repelled          |       |       |       |       |       |       |     1 |     9 |    66 ||    76
  Block: Kite shield       |       |       |       |       |    94 |   284 |    84 |   151 |   985 ||  1598
         Buckler           |       |       |       |       |    24 |       |       |       |       ||    24
         Reflection        |       |       |       |       |       |    37 |    13 |    48 |    22 ||   120

Table legend: (Time is in decaauts)
 A = Elapsed time spent in this place.
 B = Non-inter-level travel time spent in this place.
 C = Inter-level travel time spent in this place.
 D = Time resting spent in this place.
 E = Time spent auto-exploring this place.
 F = Levels seen in this place.
 G = Mean time per level.
                   A        B        C        D        E       F      G
               +--------+--------+--------+--------+--------+-----+--------+
         Total | 113663 | 104818 |   8845 |  35198 |  41990 | 109 | 1042.8 |
       Dungeon |  20369 |  17024 |   3345 |   4809 |   9313 |  15 | 1357.9 |
        Temple |    232 |    189 |     43 |      0 |    171 |   1 |  232.0 |
          Lair |   9587 |   8511 |   1076 |   3298 |   3367 |   5 | 1917.4 |
        Shoals |   6418 |   6230 |    188 |   1574 |   3620 |   4 | 1604.5 |
     Snake Pit |   7463 |   6981 |    482 |   2556 |   3163 |   4 | 1865.8 |
    Slime Pits |   1995 |   1899 |     96 |    571 |    408 |   5 |  399.0 |
  Orcish Mines |   2826 |   2568 |    258 |   1005 |   1011 |   2 | 1413.0 |
   Elven Halls |   5026 |   4804 |    222 |   1216 |   2614 |   3 | 1675.3 |
        Vaults |  11608 |  10754 |    854 |   3456 |   5687 |   5 | 2321.6 |
         Crypt |   5179 |   4927 |    252 |   1491 |   2538 |   3 | 1726.3 |
          Tomb |   2058 |   1968 |     90 |    700 |     37 |   3 |  686.0 |
        Depths |   8170 |   7176 |    994 |   2105 |   3586 |   4 | 2042.5 |
          Hell |   1708 |   1411 |    297 |    759 |    422 |   1 | 1708.0 |
           Dis |   2904 |   2874 |     30 |   1487 |      0 |   7 |  414.9 |
       Gehenna |   1935 |   1829 |    106 |    764 |    146 |   7 |  276.4 |
       Cocytus |   2130 |   2130 |      0 |    631 |    136 |   7 |  304.3 |
      Tartarus |   2856 |   2777 |     79 |    874 |     11 |   7 |  408.0 |
           Zot |   7983 |   7555 |    428 |   3435 |   2257 |   5 | 1596.6 |
         Abyss |    636 |    636 |      0 |     45 |      0 |   7 |   90.9 |
   Pandemonium |  11107 |  11107 |      0 |   4080 |   2843 |  12 |  925.6 |
        Wizlab |    878 |    878 |      0 |    120 |    538 |   1 |  878.0 |
      Gauntlet |    586 |    586 |      0 |    217 |    120 |   1 |  586.0 |
               +--------+--------+--------+--------+--------+-----+--------+

Top non-repeatable levels by time:
Vaults:2: 3187 daAuts
Depths:1: 2784 daAuts
 Snake:4: 2767 daAuts
  Lair:3: 2586 daAuts
  Lair:2: 2465 daAuts
    D:14: 2384 daAuts
Vaults:4: 2361 daAuts
Vaults:3: 2292 daAuts
Vaults:1: 2238 daAuts
 Crypt:3: 2147 daAuts
    D:10: 2115 daAuts
Shoals:4: 2095 daAuts
   Dis:7: 2078 daAuts
   Elf:1: 2072 daAuts
Shoals:1: 2032 daAuts
